Workbook

Sheet Custo por trabalhador
A1: PLANILHA DE CUSTOS E FORMAÇÃO DE PREÇOS
A2: MODELO DE FORMAÇÃO DE CUSTO MENSAL PARA UM EMPREGADO
A3: * A planilha de custos e formação de preços é ferramenta de apoio à realização de estimativas da contratação e para a análise das propostas na fase de pregão e nas prorrogações contratuais. * O modelo disponibilizado na Instrução Normativa n° 5, de 26 de maio de 2017, é inspiracional, devendo ser adaptado pelo órgão ou entidade contratante às suas necessidades. * A presente proposta visa, tão somente, auxiliar aos órgão que não possuam um modelo definido na formatação dos cálculos de direitos trabalhistas para estimativas de contratos de prestação de serviços, observando as disposições da Consolidação das Leis do Trabalho - CLT e das Convenções Coletivas de Trabalho - CCT (sendo válidos, ainda, os acordos e dissídios coletivos). * É responsábilidade do usuário que optar pela utilização deste modelo a conferência das fórmulas automatizadas em conformidade com as dispoções de CLT e CCT, para minimizar o risco de equívocos no cômputo das previsões financeiras. * Dúvidas sobre a metodologia de cálculo poderão ser esclarecidas com a leitura dos Cadernos Técnicos de divulgação de valores limites em: https://www.comprasgovernamentais.gov.br/index.php/cadernos-tecnicos-e-valores-limites.
A5: MÓDULO 1 - REMUNERAÇÃO
A6: * A remuneração é definida no art. 457 da Consolidação das Leis do Trabalho. * É composta por Salário Base, Adicionais (noturno, de insalubridade ou periculosidade) e gratificações, quando houver.
A8: SALÁRIO BASE
A9: * O Salário Base vem definido na Convenção Coletiva de Trabalho da categoria profissional a ser contratada para o objeto da prestação de serviço. * O contratante deverá observar se a CCT abrange o município de prestação de serviço e se está vigente.
A11: SALÁRIO BASE
A12: Cargo A
A13: Cargo B
A15: GRATIFICAÇÃO DE FUNÇÃO
A16: * Gratificação de função, quando houver, virá informada na Convenção Coletiva de Trabalho da categoria profissional a ser contratada. * O órgão contrantante deverá observar, além da existência de gratificação, se esta incidirá sobre os adicionais, devendo adaptar a planilha ao caso em concreto. * Para o presente modelo foi considerada gratificação como percentual sobre o salário base e sem incidência sobre os adicionais (noturno, periculosidade ou insalubridade).
A18: GRATIFICAÇÃO DE FUNÇÃO
A19: Categoria | B19: Base de cálculo | C19: Percentual | D19: Valor da Gratificação
A20: Cargo A | B20: =B12 -> 0 | D20: =B20*C20 -> 0
A21: Cargo B | B21: =B13 -> 0 | D21: =B21*C21 -> 0
A23: ADICIONAIS (periculosidade ou insalubridade, se houver)
A24: * Os adicionais de periculosidade ou insalubridade, em conformidade com os art. 192 e 193 da CLT, dependem da natureza do serviço a ser prestado. * O órgão contrantante deverá observar, além da existência de previsão em CLT, se há informações na Convenção Coletiva de Trabalho acerca dos adicionais, bem como seu percentual e a base de cálculo, devendo adaptar a planilha ao caso em concreto.
A26: ADICIONAL DE XXX
A27: Categoria | B27: Base de cálculo | C27: Percentual | D27: Valor
A28: Cargo A (12x36 Diurno) | D28: =B28*C28 -> 0
A29: Cargo A (12x36 Noturno) | C29: =C28 -> 0 | D29: =B29*C29 -> 0
A30: Cargo A Cargo A (44h semanais) | C30: =C29 -> 0 | D30: =B30*C30 -> 0
A31: Cargo B (12x36 Diurno) | C31: =C30 -> 0 | D31: =B31*C31 -> 0
A32: Cargo B (12x36 Noturno) | C32: =C31 -> 0 | D32: =B32*C32 -> 0
A33: Cargo B (44h semanais) | C33: =C32 -> 0 | D33: =B33*C33 -> 0
A36: ADICIONAL NOTURNO
A37: * O Adicional Noturno e a Hora Noturna Reduzida, conforme art. 73 da CLT, serão pagos entre 22h e 5h do dia seguinte, sem prorrogação quando da jornada 12x36h. * O órgão contrantante deverá observar, além da existência do previsto em CLT, se há informações na Convenção Coletiva de Trabalho acerca da existência do percentual de adicional noturno, bem como se haverá pagamento de hora noturna reduzida e adaptar a planilha ao caso em concreto.
A39: ADICIONAL NOTURNO
A40: Categoria | B40: Base de Cálculo | C40: Proporção | D40: Percentual | E40: Valor
A41: Cargo A (12x36 Noturno) | B41: =B12+D29 -> 0 | C41: =7/12 -> 0.58333333 | E41: =B41*C41*D41 -> 0
A42: Cargo B (12x36 Noturno) | B42: =B13+D32 -> 0 | C42: =7/12 -> 0.58333333 | D42: =D41 -> 0 | E42: =B42*C42*D42 -> 0
A43: HORA NOTURNA REDUZIDA
A44: Categoria | B44: Base de Cálculo | C44: Proporção | D44: Percentual | E44: Valor
A45: Cargo A (12x36 Noturno) | B45: =B12+D29 -> 0 | C45: =1/12 -> 0.083333333 | D45: =1+D41 -> 1 | E45: =B45*C45*D45 -> 0
A46: Cargo B (12x36 Noturno) | B46: =B13+D32 -> 0 | C46: =1/12 -> 0.083333333 | D46: =1+D42 -> 1 | E46: =B46*C46*D46 -> 0
A48: ADICIONAL POR TRABALHO NOTURNO
A49: Categoria | B49: Adicional Noturno | C49: Hora Noturna Reduzida | D49: Valor
A50: Cargo A (12x36 Noturno) | B50: =E41 -> 0 | C50: =E45 -> 0 | D50: =SUM(B50:C50) -> 0
A51: Cargo B (12x36 Noturno) | B51: =E42 -> 0 | C51: =E46 -> 0 | D51: =SUM(B51:C51) -> 0
A53: ADICIONAL XXX
A54: * Em caso de previsão de outros adicionais em Convenção Coletiva de Trabalho o órgão poderá utilizar este campo.
A56: ADICIONAL XXX
A57: Categoria | B57: Base de cálculo | C57: Percentual | D57: Valor
A58: Cargo A (12x36 Diurno)
A59: Cargo A (12x36 Noturno)
A60: Cargo A (44h semanais)
A61: Cargo B (12x36 Diurno)
A62: Cargo B (12x36 Noturno)
A63: Cargo B (44h semanais)
A65: MÓDULO 1 - REMUNERAÇÃO
A66: Este quadro totaliza a remuneração devida ao trabalhador, conforme previsão da Consolidação das Leis do Trabalho e valores disponíveis na Convenção Coletiva para a categoria
A68: MÓDULO 1 - REMUNERAÇÃO
A69: Categoria | B69: Salário Base | C69: Gratificação de função | D69: Adicional de Periculosidade ou Insalubridade | E69: Adicional Noturno | F69: Adicional XXX | G69: Total
A70: Cargo A (12x36 Diurno) | B70: =B12 -> 0 | C70: =D20 -> 0 | D70: =D28 -> 0 | F70: =D58 -> 0 | G70: =SUM(B70:F70) -> 0
A71: Cargo A (12x36 Noturno) | B71: =B12 -> 0 | C71: =D20 -> 0 | D71: =D29 -> 0 | E71: =D50 -> 0 | F71: =D59 -> 0 | G71: =SUM(B71:F71) -> 0
A72: Cargo A (44h semanais) | B72: =B12 -> 0 | C72: =D20 -> 0 | D72: =D30 -> 0 | F72: =D60 -> 0 | G72: =SUM(B72:F72) -> 0
A73: Cargo B (12x36 Diurno) | B73: =B13 -> 0 | C73: =D21 -> 0 | D73: =D31 -> 0 | F73: =D61 -> 0 | G73: =SUM(B73:F73) -> 0
A74: Cargo B (12x36 Noturno) | B74: =B13 -> 0 | C74: =D21 -> 0 | D74: =D32 -> 0 | E74: =D51 -> 0 | F74: =D62 -> 0 | G74: =SUM(B74:F74) -> 0
A75: Cargo B (44h semanais) | B75: =B13 -> 0 | C75: =D21 -> 0 | D75: =D33 -> 0 | F75: =D63 -> 0 | G75: =SUM(B75:F75) -> 0
A77: MÓDULO 2 - ENCARGOS E BENEFÍCIOS (ANUAIS, MENSAIS E DIÁRIOS)
A79: SUBMÓDULO 2.1 – 13° SALÁRIO, FÉRIAS E ADICIONAL DE FÉRIAS
A81: 13° SALÁRIO Previsto no Decreto 57.155, de 1965.
A82: Categoria | B82: Base de cálculo | C82: Provisionamento Mensal | D82: Valor
A83: Cargo A (12x36 Diurno) | B83: =G70 -> 0 | C83: =1/12 -> 0.083333333 | D83: =B83*C83 -> 0
A84: Cargo A (12x36 Noturno) | B84: =G71 -> 0 | C84: =1/12 -> 0.083333333 | D84: =B84*C84 -> 0
A85: Cargo A (44h semanais) | B85: =G72 -> 0 | C85: =1/12 -> 0.083333333 | D85: =B85*C85 -> 0
A86: Cargo B (12x36 Diurno) | B86: =G73 -> 0 | C86: =1/12 -> 0.083333333 | D86: =B86*C86 -> 0
A87: Cargo B (12x36 Noturno) | B87: =G74 -> 0 | C87: =1/12 -> 0.083333333 | D87: =B87*C87 -> 0
A88: Cargo B (44h semanais) | B88: =G75 -> 0 | C88: =1/12 -> 0.083333333 | D88: =B88*C88 -> 0
A90: FÉRIAS Previsto no art. 7° da Constituição Federal
A91: Categoria | B91: Base de cálculo | C91: Provisionamento Mensal | D91: Valor
A92: Cargo A (12x36 Diurno) | B92: =G70 -> 0 | C92: =1/12 -> 0.083333333 | D92: =B92*C92 -> 0
A93: Cargo A (12x36 Noturno) | B93: =G71 -> 0 | C93: =1/12 -> 0.083333333 | D93: =B93*C93 -> 0
A94: Cargo A (44h semanais) | B94: =G72 -> 0 | C94: =1/12 -> 0.083333333 | D94: =B94*C94 -> 0
A95: Cargo B (12x36 Diurno) | B95: =G73 -> 0 | C95: =1/12 -> 0.083333333 | D95: =B95*C95 -> 0
A96: Cargo B (12x36 Noturno) | B96: =G74 -> 0 | C96: =1/12 -> 0.083333333 | D96: =B96*C96 -> 0
A97: Cargo B (44h semanais) | B97: =G75 -> 0 | C97: =1/12 -> 0.083333333 | D97: =B97*C97 -> 0
A99: ADICIONAL DE FÉRIAS - 1/3 CONSTITUCIONAL
A100: Categoria | B100: Base de cálculo | C100: Alíquota Adicional | D100: Provisionamento Mensal | E100: Valor
A101: Cargo A (12x36 Diurno) | B101: =G70 -> 0 | C101: =1/3 -> 0.33333333 | D101: =1/12 -> 0.083333333 | E101: =B101*C101*D101 -> 0
A102: Cargo A (12x36 Noturno) | B102: =G71 -> 0 | C102: =1/3 -> 0.33333333 | D102: =1/12 -> 0.083333333 | E102: =B102*C102*D102 -> 0
A103: Cargo A (44h semanais) | B103: =G72 -> 0 | C103: =1/3 -> 0.33333333 | D103: =1/12 -> 0.083333333 | E103: =B103*C103*D103 -> 0
A104: Cargo B (12x36 Diurno) | B104: =G73 -> 0 | C104: =1/3 -> 0.33333333 | D104: =1/12 -> 0.083333333 | E104: =B104*C104*D104 -> 0
A105: Cargo B (12x36 Noturno) | B105: =G74 -> 0 | C105: =1/3 -> 0.33333333 | D105: =1/12 -> 0.083333333 | E105: =B105*C105*D105 -> 0
A106: Cargo B (44h semanais) | B106: =G75 -> 0 | C106: =1/3 -> 0.33333333 | D106: =1/12 -> 0.083333333 | E106: =B106*C106*D106 -> 0
A108: SUBMÓDULO 2.1 – 13° SALÁRIO, FÉRIAS E ADICIONAL DE FÉRIAS
A109: Categoria | B109: 13° Salário | C109: Férias | D109: 1/3 Constitucional | E109: Total
A110: Cargo A (12x36 Diurno) | B110: =D83 -> 0 | C110: =D92 -> 0 | D110: =E101 -> 0 | E110: =SUM(B110:D110) -> 0
A111: Cargo A (12x36 Noturno) | B111: =D84 -> 0 | C111: =D93 -> 0 | D111: =E102 -> 0 | E111: =SUM(B111:D111) -> 0
A112: Cargo A (44h semanais) | B112: =D85 -> 0 | C112: =D94 -> 0 | D112: =E103 -> 0 | E112: =SUM(B112:D112) -> 0
A113: Cargo B (12x36 Diurno) | B113: =D86 -> 0 | C113: =D95 -> 0 | D113: =E104 -> 0 | E113: =SUM(B113:D113) -> 0
A114: Cargo B (12x36 Noturno) | B114: =D87 -> 0 | C114: =D96 -> 0 | D114: =E105 -> 0 | E114: =SUM(B114:D114) -> 0
A115: Cargo B (44h semanais) | B115: =D88 -> 0 | C115: =D97 -> 0 | D115: =E106 -> 0 | E115: =SUM(B115:D115) -> 0
A117: SUBMÓDULO 2.2 - ENCARGOS PREVIDENCIÁRIOS E FGTS
A118: * Previsto no art. 195 da Constituição Federal. * Os percentuais informados não são taxativos e deverão observar o enquadramento real das empresas prestadoras de serviço, em especial no que diz respeito ao SAT-GIIL/RAT.
A120: COMPOSIÇÃO DO GPS E FGTS
A121: Encargos | B121: Percentual
A122: INSS - empregador | B122: 0.2
A123: Salário-Educação | B123: 0.025
...

Sheet Administrativo I 40H
A1: PLANILHA DE CUSTOS E FORMAÇÃO DE PREÇOS
A2: MODELO PARA A CONSOLIDAÇÃO E APRESENTAÇÃO DE PROPOSTAS
A4: 1. DISCRIMINAÇÃO DOS SERVIÇOS (DADOS REFERENTES À CONTRATAÇÃO)
A6: A | B6: Nº do Processo | C6: 19.699/2026
A7: B | B7: Modalidade Licitação | C7: Pregão Eletrônico
A8: C | B8: Data de apresentação da proposta (dia/mês/ano): | C8: 46182
A9: D | B9: Município/UF | C9: Lucas do Rio Verde/MT
A10: E | B10: Número de meses de execução contratual: | C10: 12
A11: F | B11: Tipo de Serviço (mesmo serviço com características distintas) | C11: Serviço de Mão de Obra de Apoio Administrativo I 40H
A12: G | B12: Unidade de Medida | C12: Posto/Mês
A13: H | B13: Classificação Brasileira de Ocupações (CBO) | C13: 4110-05
A14: I | B14: Salário Normativo da Categoria Profissional 44H | C14: 0
A15: J | B15: Categoria Profissional (vinculada à execução contratual) | C15: Empregados de Empresas de Asseio e Conservação
A16: K | B16: Ano Acordo, Convenção ou Dissídio Coletivo | C16: 2026
A17: L | B17: Nº de registro do Acordo, Convenção ou Dissídio Coletivo | C17: MT000140/2026
A18: M | B18: Data-Base da Categoria (dia/mês/ano) | C18: 46023
A21: Módulo 1 - Composição da Remuneração | F21: Salário normativo
F22: 1965.09
A23: 1 | B23: Composição da Remuneração | D23: Valor (R$) | G23: 200
A24: A | B24: Salário-Base | D24: 0 | F24: =F22/220 -> 8.9322273 | G24: =F24*G23 -> 1786.4455
A25: B | B25: Adicional de Assiduidade | D25: 0
A26: C | B26: Horas Extras 50% (Máximo 30 horas/mês) | D26: =(D24/200)*1.5*30 -> 0
A27: D | B27: Horas Extras 100% (Máximo 12 horas/mês) | D27: =(D24/200)*2*12 -> 0
A28: Total | D28: =SUM(D24:D27) -> 0
A29: Salário-Base: Foi utilizado como referência a 3ª Faixa Salarial da CCT MT000140/2026
A30: Para cálculos do item 1(A) foi usado o salário de referência da faixa salarial para carga horária de 44h semanais dividido por 220, chegou-se no valor da hora trabalhada, multiplicou-se pela carga horária mensal a ser realizada, utilizando o seguinte cálculo = R$ 1.965,09/220 = 8,93 (valor da hora) x 200 (carga horária mensal a ser trabalhada) resultando em um salário base de R$ 1.786,45
A31: Para cálculos do item 1(C) Será permitido a realização de 30 horas extras no mês, mediante autorização prévia. O valor da hora de referência foi estabelecido da seguinte forma: ((Salário base/carga horária 200h) * adicional 50% * quantidade máxima de 30 horas).
A32: Para cálculos do item 1(D) Será permitido a realização de 12 horas extras no mês, mediante autorização prévia. O valor da hora de referência foi estabelecido da seguinte forma: ((Salário base/carga horária 200h) * adicional 100% * quantidade máxima de 12 horas).
A34: Módulo 2 - Encargos e Benefícios Anuais, Mensais e Diários
A36: BASE DE CÁLCULO PARA O MÓDULO 2.1: | C36: MÓDULO 1 | D36: =D28 -> 0
C37: TOTAL | D37: =SUM(D36) -> 0
A39: Submódulo 2.1 - 13º (décimo terceiro) Salário, Férias e Adicional de Férias
A41: 2.1 | B41: 13º (décimo terceiro) Salário, Férias e Adicional de Férias | C41: Percentual (%) | D41: Valor (R$)
A42: A | B42: 13º (décimo terceiro) Salário | C42: 0.08333 | D42: =ROUND($D$37*C42,2) -> 0
A43: B | B43: Férias | C43: 0.08333 | D43: =ROUND($D$37*C43,2) -> 0
A44: C | B44: Adicional de Férias | C44: 0.027778 | D44: =ROUND($D$37*C44,2) -> 0
A45: Total | D45: =SUM(D42:D44) -> 0
A46: Para cálculos do itens 2.1 (A.B): Calculo mensal representando 12 meses, logo, 1/12 (um doze avos), (100%/12)=8,333% (100% remuneração/12 meses) Para cálculo do item 2.1.C: O adicional de férias corresponde a 1/3 da remuneração mensal, logo, 100%/3/12=2,7778%
A48: BASE DE CÁLCULO PARA O MÓDULO 2.2: | C48: MÓDULO 1 | D48: =D28 -> 0
C49: MÓDULO 2.1 | D49: =D45 -> 0
C50: TOTAL | D50: =SUM(D48:D49) -> 0
A52: Submódulo 2.2 - Encargos Previdenciários (GPS), Fundo de Garantia por Tempo de Serviço (FGTS) e outras contribuições.
A54: 2.2 | B54: GPS, FGTS e outras contribuições | C54: Percentual (%) | D54: Valor (R$)
A55: A | B55: INSS | C55: 0.2 | D55: =D50*C55 -> 0
A56: B | B56: Salário Educação | C56: 0.025 | D56: =D50*C56 -> 0
A57: C | B57: RAT X FAP (Riscos ambientais no trabalho x Fator acidentário de prevenção) | C57: 0.06 | D57: =D50*C57 -> 0
A58: D | B58: SESC ou SESI | C58: 0.015 | D58: =D50*C58 -> 0
A59: E | B59: SENAI - SENAC | C59: 0.01 | D59: =D50*C59 -> 0
A60: F | B60: SEBRAE | C60: 0.006 | D60: =D50*C60 -> 0
A61: G | B61: INCRA | C61: 0.002 | D61: =D50*C61 -> 0
A62: H | B62: FGTS | C62: 0.08 | D62: =D50*C62 -> 0
A63: Total | C63: =SUM(C55:C62) -> 0.398 | D63: =SUM(D55:D62) -> 0
A64: Nota Explicativa: Módulo de preenchimento conforme regime de enquadramento da empresa.
A65: Nos módulos preenchidos foram considerados os maiores índices percentuais e considerando que a empresa não esteja enquadrada no Simples Nacional.
A67: Submódulo 2.3 - Benefícios Mensais e Diários.
A68: 2.3 | B68: Benefícios Mensais e Diários | D68: Valor (R$)
A69: A.1 | B69: Auxílio Transporte Bruto | D69: 0
A70: A.2 | B70: (-) Dedução do Vale Transporte (até 6% do salário base, não considerados horas extras e adicionais) | D70: =D69*0.06 -> 0
A71: A.3 | B71: Auxílio Transporte Líquido ( A.1 - A.2 ) | D71: =D69-D70 -> 0
A72: B.1 | B72: Auxílio-Refeição/Alimentação Bruto | D72: 0
A73: B.2 | B73: (-) Dedução do Auxílio-Refeição (até 5% do valor do vale estipulado na CCT não considerados horas extras e adicionais) | D73: =D72*0.05 -> 0
A74: B.3 | B74: Auxílio-Refeição/Alimentação Líquido ( B.1 - B.2 ) | D74: =D72-D73 -> 0
A75: C | B75: Cesta Assiduidade | D75: 0
A76: D | B76: Seguro de Vida | D76: 0
A77: E | B77: Outros
A78: Total | D78: =D71+D74+D75+D76 -> 0
A79: Item 2.3(A.1): Calculo do valor do vale transporte corresponde a 02 vales diários (R$ 4,50) * 21 dias trabalhados. O valor unitário do vale é igual R$ 4,50, conforme disposto no Decreto municipal 5.991/2022. Item 2.3 (B.1): Para calculo foi utilizado como referência 21 dias efetivamente trabalhado, multiplicado pelo valor unitário do vale em R$ 25,66, conforme estipulado na CCT MT000140/2026 - Clausula Décima Quinta. Item 2.3 (C): Valor utilizado conforme a CCT MT000140/2026 - Clausula Nona. Item 2.3 (D): Seguro obrigatório, conforme CCT MT000140/2026 - Clausula Décima Oitava. Para estimativa do valor foi utilizado o valor praticado de R$ 2,98 no Contrato nº 081/2025 pela Prefeitura de Lucas do Rio Verde/MT.
A81: Quadro-Resumo do Módulo 2 - Encargos e Benefícios anuais, mensais e diários
A82: 2 | B82: Encargos e Benefícios Anuais, Mensais e Diários | D82: Valor (R$)
A83: 2.1 | B83: 13º (décimo terceiro) Salário, Férias e Adicional de Férias (Submódulo 2.1) | D83: =D45 -> 0
A84: 2.2 | B84: GPS, FGTS e outras contribuições (Submódulo 2.2) | D84: =D63 -> 0
A85: 2.3 | B85: Benefícios Mensais e Diários (Submódulo 2.3) | D85: =D78 -> 0
A86: Total | D86: =SUM(D83:D85) -> 0
A88: BASE DE CÁLCULO PARA O MÓDULO 3: (Composição da remuneração + encargos) | C88: MÓDULO 1 | D88: =D28 -> 0
C89: MÓDULO 2.1 | D89: =D45 -> 0
C90: TOTAL | D90: =SUM(D88:D89) -> 0
A92: Módulo 3 - Provisão para Rescisão
A93: 3 | B93: Provisão para Rescisão | C93: Percentual (%) | D93: Valor (R$)
A94: A | B94: Aviso Prévio Indenizado | C94: =1/12*5.55% -> 0.004625 | D94: =ROUND($D$90*C94,2) -> 0
A95: B | B95: Incidência do FGTS sobre o Aviso Prévio Indenizado | C95: 0.00037 | D95: =ROUND($D$90*C95,2) -> 0
A96: C | B96: Multa do FGTS e contribuição social sobre o Aviso Prévio Indenizado | C96: =(8%*40%*5.55%) -> 0.001776 | D96: =ROUND($D$90*C96,2) -> 0
A97: D | B97: Aviso Prévio Trabalhado | C97: =(1/30*7)/12 -> 0.019444444 | D97: =ROUND($D$90*C97,2) -> 0
A98: E | B98: Incidência de GPS, FGTS e outras contribuições sobre o Aviso Prévio Trabalhado | C98: 0.0072 | D98: =ROUND($D$90*C98,2) -> 0
A99: F | B99: Multa do FGTS e contribuição social sobre o Aviso Prévio Trabalhado | C99: =((0.08*0.4)) -> 0.032 | D99: =ROUND($D$90*C99,2) -> 0
A100: Total | D100: =SUM(D94:D99) -> 0
A101: Item 3.A: 5,55% - Percentual de empregados demitidos que não trabalham durante o aviso prévio, acordão TCU nº 1.904/2007, 1/12= 1 mês não trabalhado/12 Item 3.B: 8% FGTS * 046% Aviso prévio indenizado = 0,037% Item 3.C: 8% FGTS * 40% Valor multa FGTS * 5,55% Percentual de empregados demitidos) = 0,18% Item 3.D: [( 1 (remuneração integral)/30 (dias)*7 (nº dias de aviso prévio que se ausenta)/12 (meses)] = 1,94% Item 3.E: (% total do submódulo 2.2) * ( % Item 3-D Aviso Prévio Trabalhado) Item 3.F: 8% alíquota FGTS * 40% valor multa FGTS trabalhado
A103: BASE DE CÁLCULO PARA O MÓDULO 4: MÓDULO 1 + MÓDULO 2.1 + (MÓDULO 2.3 - Aux. Transp. Liq. - Aux. Alimentação Liq.) + MÓDULO 3 | C103: MÓDULO 1 | D103: =D28 -> 0
C104: MÓDULO 2.1 | D104: =D45 -> 0
C105: MÓDULO 2.3* | D105: =D85-D71-D74 -> 0
C106: MÓDULO 3 | D106: =D100 -> 0
C107: TOTAL | D107: =SUM(D103:D106) -> 0
A108: Módulo 2.3*: Foi considerado na base cálculos para o módulo 4, apenas os benefícios não transferíveis do colaborador titular para o substituto.
A109: Módulo 4 - Custo de Reposição do Profissional Ausente
A110: Submódulo 4.1 - Substituto nas Ausências Legais
A111: 4.1 | B111: Ausências Legais | C111: Percentual (%) | D111: Valor (R$)
A112: A | B112: Substituto na cobertura de Férias | C112: 0 | D112: =ROUND($D$107*C112,2) -> 0
A113: B | B113: Substituto na cobertura de Ausências Legais | C113: 0.01633 | D113: =ROUND($D$107*C113,2) -> 0
A114: C | B114: Substituto na cobertura de Licença-Paternidade | C114: 0.00020833333 | D114: =ROUND($D$107*C114,2) -> 0
A115: D | B115: Substituto na cobertura de Ausência por acidente de trabalho | C115: 0.0033333333 | D115: =ROUND($D$107*C115,2) -> 0
A116: E | B116: Substituto na cobertura de Afastamento Maternidade | C116: 0.00056 | D116: =ROUND($D$107*C116,2) -> 0
...

Sheet Administrativo II 40H
A1: PLANILHA DE CUSTOS E FORMAÇÃO DE PREÇOS
A2: MODELO PARA A CONSOLIDAÇÃO E APRESENTAÇÃO DE PROPOSTAS
A4: 1. DISCRIMINAÇÃO DOS SERVIÇOS (DADOS REFERENTES À CONTRATAÇÃO)
A6: A | B6: Nº do Processo | C6: 19.699/2026
A7: B | B7: Modalidade Licitação | C7: Pregão Eletrônico
A8: C | B8: Data de apresentação da proposta (dia/mês/ano): | C8: 46182
A9: D | B9: Município/UF | C9: Lucas do Rio Verde/MT
A10: E | B10: Número de meses de execução contratual: | C10: 12
A11: F | B11: Tipo de Serviço (mesmo serviço com características distintas) | C11: Serviço de Mão de Obra de Apoio Administrativo II 40H
A12: G | B12: Unidade de Medida | C12: Posto/Mês
A13: H | B13: Classificação Brasileira de Ocupações (CBO) | C13: 4110-05
A14: I | B14: Salário Normativo da Categoria Profissional 44H | C14: 0
A15: J | B15: Categoria Profissional (vinculada à execução contratual) | C15: Empregados de Empresas de Asseio e Conservação
A16: K | B16: Ano Acordo, Convenção ou Dissídio Coletivo | C16: 2026
A17: L | B17: Nº de registro do Acordo, Convenção ou Dissídio Coletivo | C17: MT000140/2026
A18: M | B18: Data-Base da Categoria (dia/mês/ano) | C18: 46023
A21: Módulo 1 - Composição da Remuneração | F21: Salário normativo
F22: 2517.33
A23: 1 | B23: Composição da Remuneração | D23: Valor (R$) | G23: 200
A24: A | B24: Salário-Base | D24: 0 | F24: =F22/220 -> 11.442409 | G24: =F24*G23 -> 2288.4818
A25: B | B25: Adicional de Assiduidade | D25: 0
A26: C | B26: Horas Extras 50% (Máximo 30 horas/mês) | D26: =(D24/200)*1.5*30 -> 0
A27: D | B27: Horas Extras 100% (Máximo 12 horas/mês) | D27: =(D24/200)*2*12 -> 0
A28: Total | D28: =SUM(D24:D27) -> 0
A29: Salário-Base: Foi utilizado a 8ª Faixa Salarial da CCT MT000140/2026, considerando que a remuneração da faixa é compartível com as funções e responsabilidades atribuídas ao posto que realizará trabalhos administrativos com permissão para conduzir veículos.
A30: Para cálculos do item 1(A) foi usado o salário de referência da faixa salarial que é de 44h semanais dividido por 220, chegou-se no valor da hora trabalhada, multiplicou-se pela carga horária mensal a ser realizada, utilizando o seguinte cálculo = R$ 2.769,06/220 = 12,59 (valor da hora) x 200 (carga horária mensal) resultando em um salário base de R$ 2.517,33
A31: Para cálculos do item 1(C) Será permitido a realização de 30 horas extras no mês, mediante autorização prévia. O valor da hora de referência foi estabelecido da seguinte forma: ((Salário base/carga horária 200h) * adicional 50% * quantidade máxima de 30 horas).
A32: Para cálculos do item 1(D) Será permitido a realização de 12 horas extras no mês, mediante autorização prévia. O valor da hora de referência foi estabelecido da seguinte forma: ((Salário base/carga horária 200h) * adicional 100% * quantidade máxima de 12 horas).
A34: Módulo 2 - Encargos e Benefícios Anuais, Mensais e Diários
A36: BASE DE CÁLCULO PARA O MÓDULO 2.1: | C36: MÓDULO 1 | D36: =D28 -> 0
C37: TOTAL | D37: =SUM(D36) -> 0
A39: Submódulo 2.1 - 13º (décimo terceiro) Salário, Férias e Adicional de Férias
A41: 2.1 | B41: 13º (décimo terceiro) Salário, Férias e Adicional de Férias | C41: Percentual (%) | D41: Valor (R$)
A42: A | B42: 13º (décimo terceiro) Salário | C42: 0.08333 | D42: =ROUND($D$37*C42,2) -> 0
A43: B | B43: Férias | C43: 0.08333 | D43: =ROUND($D$37*C43,2) -> 0
A44: C | B44: Adicional de Férias | C44: 0.027778 | D44: =ROUND($D$37*C44,2) -> 0
A45: Total | D45: =SUM(D42:D44) -> 0
A46: Para cálculos do itens 2.1 (A.B): Calculo mensal representando 12 meses, logo, 1/12 (um doze avos), (100%/12)=8,333% (100% remuneração/12 meses) Para cálculo do item 2.1.C: O adicional de férias corresponde a 1/3 da remuneração mensal, logo, 100%/3/12=2,7778%
A48: BASE DE CÁLCULO PARA O MÓDULO 2.2: | C48: MÓDULO 1 | D48: =D28 -> 0
C49: MÓDULO 2.1 | D49: =D45 -> 0
C50: TOTAL | D50: =SUM(D48:D49) -> 0
A52: Submódulo 2.2 - Encargos Previdenciários (GPS), Fundo de Garantia por Tempo de Serviço (FGTS) e outras contribuições.
A54: 2.2 | B54: GPS, FGTS e outras contribuições | C54: Percentual (%) | D54: Valor (R$)
A55: A | B55: INSS | C55: 0.2 | D55: =D50*C55 -> 0
A56: B | B56: Salário Educação | C56: 0.025 | D56: =D50*C56 -> 0
A57: C | B57: RAT X FAP (Riscos ambientais no trabalho x Fator acidentário de prevenção) | C57: 0.06 | D57: =D50*C57 -> 0
A58: D | B58: SESC ou SESI | C58: 0.015 | D58: =D50*C58 -> 0
A59: E | B59: SENAI - SENAC | C59: 0.01 | D59: =D50*C59 -> 0
A60: F | B60: SEBRAE | C60: 0.006 | D60: =D50*C60 -> 0
A61: G | B61: INCRA | C61: 0.002 | D61: =D50*C61 -> 0
A62: H | B62: FGTS | C62: 0.08 | D62: =D50*C62 -> 0
A63: Total | C63: =SUM(C55:C62) -> 0.398 | D63: =SUM(D55:D62) -> 0
A64: Nota Explicativa: Módulo de preenchimento conforme regime de enquadramento da empresa.
A65: Nos módulos preenchidos foram considerados os maiores índices percentuais e considerando que a empresa não esteja enquadrada no Simples Nacional.
A67: Submódulo 2.3 - Benefícios Mensais e Diários.
A68: 2.3 | B68: Benefícios Mensais e Diários | D68: Valor (R$)
A69: A.1 | B69: Auxílio Transporte Bruto | D69: 0
A70: A.2 | B70: (-) Dedução do Vale Transporte (até 6% do salário base, não considerados horas extras e adicionais) | D70: =D69*0.06 -> 0
A71: A.3 | B71: Auxílio Transporte Líquido ( A.1 - A.2 ) | D71: =D69-D70 -> 0
A72: B.1 | B72: Auxílio-Refeição/Alimentação Bruto | D72: 0
A73: B.2 | B73: (-) Dedução do Auxílio-Refeição (até 5% do valor do vale estipulado na CCT não considerados horas extras e adicionais) | D73: =D72*0.05 -> 0
A74: B.3 | B74: Auxílio-Refeição/Alimentação Líquido ( B.1 - B.2 ) | D74: =D72-D73 -> 0
A75: C | B75: Cesta Assiduidade | D75: 0
A76: D | B76: Seguro de Vida | D76: 0
A77: E | B77: Outros
A78: Total | D78: =D71+D74+D75+D76 -> 0
A79: Item 2.3(A.1): Calculo do valor do vale transporte corresponde a 02 vales diários (R$ 4,50) * 21 dias trabalhados. O valor unitário do vale é igual R$ 4,50, conforme disposto no Decreto municipal 5.991/2022. Item 2.3 (B.1): Para calculo foi utilizado como referência 21 dias efetivamente trabalhado, multiplicado pelo valor unitário do vale em R$ 25,66, conforme estipulado na CCT MT000140/2026 - Clausula Décima Quinta. Item 2.3 (C): Valor utilizado conforme a CCT MT000140/2026 - Clausula Nona. Item 2.3 (D): Seguro obrigatório, conforme CCT MT000140/2026 - Clausula Décima Oitava. Para estimativa do valor foi utilizado o valor praticado de R$ 2,98 no Contrato nº 081/2025 pela Prefeitura de Lucas do Rio Verde/MT.
A81: Quadro-Resumo do Módulo 2 - Encargos e Benefícios anuais, mensais e diários
A82: 2 | B82: Encargos e Benefícios Anuais, Mensais e Diários | D82: Valor (R$)
A83: 2.1 | B83: 13º (décimo terceiro) Salário, Férias e Adicional de Férias (Submódulo 2.1) | D83: =D45 -> 0
A84: 2.2 | B84: GPS, FGTS e outras contribuições (Submódulo 2.2) | D84: =D63 -> 0
A85: 2.3 | B85: Benefícios Mensais e Diários (Submódulo 2.3) | D85: =D78 -> 0
A86: Total | D86: =SUM(D83:D85) -> 0
A88: BASE DE CÁLCULO PARA O MÓDULO 3: (Composição da remuneração + encargos) | C88: MÓDULO 1 | D88: =D28 -> 0
C89: MÓDULO 2.1 | D89: =D45 -> 0
C90: TOTAL | D90: =SUM(D88:D89) -> 0
A92: Módulo 3 - Provisão para Rescisão
A93: 3 | B93: Provisão para Rescisão | C93: Percentual (%) | D93: Valor (R$)
A94: A | B94: Aviso Prévio Indenizado | C94: =1/12*5.55% -> 0.004625 | D94: =ROUND($D$90*C94,2) -> 0
A95: B | B95: Incidência do FGTS sobre o Aviso Prévio Indenizado | C95: 0.00037 | D95: =ROUND($D$90*C95,2) -> 0
A96: C | B96: Multa do FGTS e contribuição social sobre o Aviso Prévio Indenizado | C96: =(8%*40%*5.55%) -> 0.001776 | D96: =ROUND($D$90*C96,2) -> 0
A97: D | B97: Aviso Prévio Trabalhado | C97: =(1/30*7)/12 -> 0.019444444 | D97: =ROUND($D$90*C97,2) -> 0
A98: E | B98: Incidência de GPS, FGTS e outras contribuições sobre o Aviso Prévio Trabalhado | C98: 0.0072 | D98: =ROUND($D$90*C98,2) -> 0
A99: F | B99: Multa do FGTS e contribuição social sobre o Aviso Prévio Trabalhado | C99: =((0.08*0.4)) -> 0.032 | D99: =ROUND($D$90*C99,2) -> 0
A100: Total | D100: =SUM(D94:D99) -> 0
A101: Item 3.A: 5,55% - Percentual de empregados demitidos que não trabalham durante o aviso prévio, acordão TCU nº 1.904/2007, 1/12= 1 mês não trabalhado/12 Item 3.B: 8% FGTS * 046% Aviso prévio indenizado = 0,037% Item 3.C: 8% FGTS * 40% Valor multa FGTS * 5,55% Percentual de empregados demitidos) = 0,18% Item 3.D: [( 1 (remuneração integral)/30 (dias)*7 (nº dias de aviso prévio que se ausenta)/12 (meses)] = 1,94% Item 3.E: (% total do submódulo 2.2) * ( % Item 3-D Aviso Prévio Trabalhado) Item 3.F: 8% alíquota FGTS * 40% valor multa FGTS trabalhado
A103: BASE DE CÁLCULO PARA O MÓDULO 4: MÓDULO 1 + MÓDULO 2.1 + (MÓDULO 2.3 - Aux. Transp. Liq. - Aux. Alimentação Liq.) + MÓDULO 3 | C103: MÓDULO 1 | D103: =D28 -> 0
C104: MÓDULO 2.1 | D104: =D45 -> 0
C105: MÓDULO 2.3* | D105: =D85-D71-D74 -> 0
C106: MÓDULO 3 | D106: =D100 -> 0
C107: TOTAL | D107: =SUM(D103:D106) -> 0
A109: Módulo 4 - Custo de Reposição do Profissional Ausente
A110: Submódulo 4.1 - Substituto nas Ausências Legais
A111: 4.1 | B111: Ausências Legais | C111: Percentual (%) | D111: Valor (R$)
A112: A | B112: Substituto na cobertura de Férias | C112: 0 | D112: =ROUND($D$107*C112,2) -> 0
A113: B | B113: Substituto na cobertura de Ausências Legais | C113: 0.01633 | D113: =ROUND($D$107*C113,2) -> 0
A114: C | B114: Substituto na cobertura de Licença-Paternidade | C114: 0.00020833333 | D114: =ROUND($D$107*C114,2) -> 0
A115: D | B115: Substituto na cobertura de Ausência por acidente de trabalho | C115: 0.0033333333 | D115: =ROUND($D$107*C115,2) -> 0
A116: E | B116: Substituto na cobertura de Afastamento Maternidade | C116: 0.00056 | D116: =ROUND($D$107*C116,2) -> 0
A117: F | B117: Substituto na cobertura de Outras ausências (especificar)
...

Sheet Tec Administrativo 40H
A1: PLANILHA DE CUSTOS E FORMAÇÃO DE PREÇOS
A2: MODELO PARA A CONSOLIDAÇÃO E APRESENTAÇÃO DE PROPOSTAS
A4: 1. DISCRIMINAÇÃO DOS SERVIÇOS (DADOS REFERENTES À CONTRATAÇÃO)
A6: A | B6: Nº do Processo | C6: 19.699/2026
A7: B | B7: Modalidade Licitação | C7: Pregão Eletrônico
A8: C | B8: Data de apresentação da proposta (dia/mês/ano): | C8: 46182
A9: D | B9: Município/UF | C9: Lucas do Rio Verde/MT
A10: E | B10: Número de meses de execução contratual: | C10: 12
A11: F | B11: Tipo de Serviço (mesmo serviço com características distintas) | C11: Serviço de Mão de Obra de Técnico Administrativo de Suporte 40H
A12: G | B12: Unidade de Medida | C12: Posto/Mês
A13: H | B13: Classificação Brasileira de Ocupações (CBO) | C13: 4110-10
A14: I | B14: Salário Normativo da Categoria Profissional 44H | C14: 0
A15: J | B15: Categoria Profissional (vinculada à execução contratual) | C15: Empregados de Empresas de Asseio e Conservação
A16: K | B16: Ano Acordo, Convenção ou Dissídio Coletivo | C16: 2026
A17: L | B17: Nº de registro do Acordo, Convenção ou Dissídio Coletivo | C17: MT000140/2026
A18: M | B18: Data-Base da Categoria (dia/mês/ano) | C18: 46023
A21: Módulo 1 - Composição da Remuneração | F21: Salário normativo
F22: =C14 -> 0
A23: 1 | B23: Composição da Remuneração | D23: Valor (R$) | G23: 200
A24: A | B24: Salário-Base | D24: 0 | F24: =C14/220 -> 0 | G24: =F24*G23 -> 0
A25: B | B25: Gratificação de Função | C25: 0.15 | D25: =D24*C25 -> 0
A26: C | B26: Horas Extras 50% (Máximo 30 horas/mês) | D26: =(D24/200)*1.5*30 -> 0
A27: D | B27: Horas Extras 100% (Máximo 12 horas/mês) | D27: =(D24/200)*2*12 -> 0
A28: Total | D28: =SUM(D24:D27) -> 0
A29: Salário-Base: Foi utilizado a 12ª Faixa Salarial da CCT MT MT000140/2026.
A30: Para cálculos do item 1(A) foi usado o salário de referência da faixa salarial que é de 44h semanais dividido por 220, chegou-se no valor da hora trabalhada, multiplicou-se pela carga horária mensal a ser realizada, utilizando o seguinte cálculo = R$ 4.505,36/220 = 20,48 (valor da hora) x 200 (carga horária mensal) resultando em um salário base de R$ 4.095,78.
A31: Para cálculos do item 1(C) Será permitido a realização de 30 horas extras no mês, mediante autorização prévia. O valor da hora de referência foi estabelecido da seguinte forma: ((Salário base/carga horária 200h) * adicional 50% * quantidade máxima de 30 horas).
A32: Para cálculos do item 1(D) Será permitido a realização de 12 horas extras no mês, mediante autorização prévia. O valor da hora de referência foi estabelecido da seguinte forma: ((Salário base/carga horária 200h) * adicional 100% * quantidade máxima de 12 horas).
A33: O adicional gratificação de função será concedido através de autorização e comunicação enviada pela secretaria demandante.
A35: Módulo 2 - Encargos e Benefícios Anuais, Mensais e Diários
A37: BASE DE CÁLCULO PARA O MÓDULO 2.1: | C37: MÓDULO 1 | D37: =D28 -> 0
C38: TOTAL | D38: =SUM(D37) -> 0
A40: Submódulo 2.1 - 13º (décimo terceiro) Salário, Férias e Adicional de Férias
A42: 2.1 | B42: 13º (décimo terceiro) Salário, Férias e Adicional de Férias | C42: Percentual (%) | D42: Valor (R$)
A43: A | B43: 13º (décimo terceiro) Salário | C43: 0.08333 | D43: =ROUND($D$38*C43,2) -> 0
A44: B | B44: Férias | C44: 0.08333 | D44: =ROUND($D$38*C44,2) -> 0
A45: C | B45: Adicional de Férias | C45: 0.027778 | D45: =ROUND($D$38*C45,2) -> 0
A46: Total | D46: =SUM(D43:D45) -> 0
A47: Para cálculos do itens 2.1 (A.B): Calculo mensal representando 12 meses, logo, 1/12 (um doze avos), (100%/12)=8,333% (100% remuneração/12 meses) Para cálculo do item 2.1.C: O adicional de férias corresponde a 1/3 da remuneração mensal, logo, 100%/3/12=2,7778%
A49: BASE DE CÁLCULO PARA O MÓDULO 2.2: | C49: MÓDULO 1 | D49: =D28 -> 0
C50: MÓDULO 2.1 | D50: =D46 -> 0
C51: TOTAL | D51: =SUM(D49:D50) -> 0
A53: Submódulo 2.2 - Encargos Previdenciários (GPS), Fundo de Garantia por Tempo de Serviço (FGTS) e outras contribuições.
A55: 2.2 | B55: GPS, FGTS e outras contribuições | C55: Percentual (%) | D55: Valor (R$)
A56: A | B56: INSS | C56: 0.2 | D56: =D51*C56 -> 0
A57: B | B57: Salário Educação | C57: 0.025 | D57: =D51*C57 -> 0
A58: C | B58: RAT X FAP (Riscos ambientais no trabalho x Fator acidentário de prevenção) | C58: 0.06 | D58: =D51*C58 -> 0
A59: D | B59: SESC ou SESI | C59: 0.015 | D59: =D51*C59 -> 0
A60: E | B60: SENAI - SENAC | C60: 0.01 | D60: =D51*C60 -> 0
A61: F | B61: SEBRAE | C61: 0.006 | D61: =D51*C61 -> 0
A62: G | B62: INCRA | C62: 0.002 | D62: =D51*C62 -> 0
A63: H | B63: FGTS | C63: 0.08 | D63: =D51*C63 -> 0
A64: Total | C64: =SUM(C56:C63) -> 0.398 | D64: =SUM(D56:D63) -> 0
A65: Nota Explicativa: Módulo de preenchimento conforme regime de enquadramento da empresa.
A66: Nos módulos preenchidos foram considerados os maiores índices percentuais e considerando que a empresa não esteja enquadrada no Simples Nacional.
A68: Submódulo 2.3 - Benefícios Mensais e Diários.
A69: 2.3 | B69: Benefícios Mensais e Diários | D69: Valor (R$)
A70: A.1 | B70: Auxílio Transporte Bruto | D70: 0
A71: A.2 | B71: (-) Dedução do Vale Transporte (até 6% do salário base, não considerados horas extras e adicionais) | D71: =D70*0.06 -> 0
A72: A.3 | B72: Auxílio Transporte Líquido ( A.1 - A.2 ) | D72: =D70-D71 -> 0
A73: B.1 | B73: Auxílio-Refeição/Alimentação Bruto | D73: 0
A74: B.2 | B74: (-) Dedução do Auxílio-Refeição (até 5% do valor do vale estipulado na CCT não considerados horas extras e adicionais) | D74: =D73*0.05 -> 0
A75: B.3 | B75: Auxílio-Refeição/Alimentação Líquido ( B.1 - B.2 ) | D75: =D73-D74 -> 0
A76: C | B76: Cesta Assiduidade | D76: 0
A77: D | B77: Seguro de Vida | D77: 0
A78: E | B78: Outros
A79: Total | D79: =D72+D75+D76+D77 -> 0
A80: Item 2.3(A.1): Calculo do valor do vale transporte corresponde a 02 vales diários (R$ 4,50) * 21 dias trabalhados. O valor unitário do vale é igual R$ 4,50, conforme disposto no Decreto municipal 5.991/2022. Item 2.3 (B.1): Para calculo foi utilizado como referência 21 dias efetivamente trabalhado, multiplicado pelo valor unitário do vale em R$ 25,66, conforme estipulado na CCT MT000140/2026 - Clausula Décima Quinta. Item 2.3 (C): Valor utilizado conforme a CCT MT000140/2026 - Clausula Nona. Item 2.3 (D): Seguro obrigatório, conforme CCT MT000140/2026 - Clausula Décima Oitava. Para estimativa do valor foi utilizado o valor praticado de R$ 2,98 no Contrato nº 081/2025 pela Prefeitura de Lucas do Rio Verde/MT.
A82: Quadro-Resumo do Módulo 2 - Encargos e Benefícios anuais, mensais e diários
A83: 2 | B83: Encargos e Benefícios Anuais, Mensais e Diários | D83: Valor (R$)
A84: 2.1 | B84: 13º (décimo terceiro) Salário, Férias e Adicional de Férias (Submódulo 2.1) | D84: =D46 -> 0
A85: 2.2 | B85: GPS, FGTS e outras contribuições (Submódulo 2.2) | D85: =D64 -> 0
A86: 2.3 | B86: Benefícios Mensais e Diários (Submódulo 2.3) | D86: =D79 -> 0
A87: Total | D87: =SUM(D84:D86) -> 0
A89: BASE DE CÁLCULO PARA O MÓDULO 3: (Composição da remuneração + encargos) | C89: MÓDULO 1 | D89: =D28 -> 0
C90: MÓDULO 2.1 | D90: =D46 -> 0
C91: TOTAL | D91: =SUM(D89:D90) -> 0
A93: Módulo 3 - Provisão para Rescisão
A94: 3 | B94: Provisão para Rescisão | C94: Percentual (%) | D94: Valor (R$)
A95: A | B95: Aviso Prévio Indenizado | C95: =1/12*5.55% -> 0.004625 | D95: =ROUND($D$91*C95,2) -> 0
A96: B | B96: Incidência do FGTS sobre o Aviso Prévio Indenizado | C96: 0.00037 | D96: =ROUND($D$91*C96,2) -> 0
A97: C | B97: Multa do FGTS e contribuição social sobre o Aviso Prévio Indenizado | C97: =(8%*40%*5.55%) -> 0.001776 | D97: =ROUND($D$91*C97,2) -> 0
A98: D | B98: Aviso Prévio Trabalhado | C98: =(1/30*7)/12 -> 0.019444444 | D98: =ROUND($D$91*C98,2) -> 0
A99: E | B99: Incidência de GPS, FGTS e outras contribuições sobre o Aviso Prévio Trabalhado | C99: 0.0072 | D99: =ROUND($D$91*C99,2) -> 0
A100: F | B100: Multa do FGTS e contribuição social sobre o Aviso Prévio Trabalhado | C100: =((0.08*0.4)) -> 0.032 | D100: =ROUND($D$91*C100,2) -> 0
A101: Total | D101: =SUM(D95:D100) -> 0
A102: Item 3.A: 5,55% - Percentual de empregados demitidos que não trabalham durante o aviso prévio, acordão TCU nº 1.904/2007, 1/12= 1 mês não trabalhado/12 Item 3.B: 8% FGTS * 046% Aviso prévio indenizado = 0,037% Item 3.C: 8% FGTS * 40% Valor multa FGTS * 5,55% Percentual de empregados demitidos) = 0,18% Item 3.D: [( 1 (remuneração integral)/30 (dias)*7 (nº dias de aviso prévio que se ausenta)/12 (meses)] = 1,94% Item 3.E: (% total do submódulo 2.2) * ( % Item 3-D Aviso Prévio Trabalhado) Item 3.F: 8% alíquota FGTS * 40% valor multa FGTS trabalhado
A104: BASE DE CÁLCULO PARA O MÓDULO 4: MÓDULO 1 + MÓDULO 2.1 + (MÓDULO 2.3 - Aux. Transp. Liq. - Aux. Alimentação Liq.) + MÓDULO 3 | C104: MÓDULO 1 | D104: =D28 -> 0
C105: MÓDULO 2.1 | D105: =D46 -> 0
C106: MÓDULO 2.3* | D106: =D86-D72-D75 -> 0
C107: MÓDULO 3 | D107: =D101 -> 0
C108: TOTAL | D108: =SUM(D104:D107) -> 0
A110: Módulo 4 - Custo de Reposição do Profissional Ausente
A111: Submódulo 4.1 - Substituto nas Ausências Legais
A112: 4.1 | B112: Ausências Legais | C112: Percentual (%) | D112: Valor (R$)
A113: A | B113: Substituto na cobertura de Férias | C113: 0 | D113: =ROUND($D$108*C113,2) -> 0
A114: B | B114: Substituto na cobertura de Ausências Legais | C114: 0.01633 | D114: =ROUND($D$108*C114,2) -> 0
A115: C | B115: Substituto na cobertura de Licença-Paternidade | C115: 0.00020833333 | D115: =ROUND($D$108*C115,2) -> 0
A116: D | B116: Substituto na cobertura de Ausência por acidente de trabalho | C116: 0.0033333333 | D116: =ROUND($D$108*C116,2) -> 0
A117: E | B117: Substituto na cobertura de Afastamento Maternidade | C117: 0.00056 | D117: =ROUND($D$108*C117,2) -> 0
...

Sheet Educador Social 40H
A1: PLANILHA DE CUSTOS E FORMAÇÃO DE PREÇOS
A2: MODELO PARA A CONSOLIDAÇÃO E APRESENTAÇÃO DE PROPOSTAS
A4: 1. DISCRIMINAÇÃO DOS SERVIÇOS (DADOS REFERENTES À CONTRATAÇÃO)
A6: A | B6: Nº do Processo | C6: 19.699/2026
A7: B | B7: Modalidade Licitação | C7: Pregão Eletrônico
A8: C | B8: Data de apresentação da proposta (dia/mês/ano): | C8: 46182
A9: D | B9: Município/UF | C9: Lucas do Rio Verde/MT
A10: E | B10: Número de meses de execução contratual: | C10: 12
A11: F | B11: Tipo de Serviço (mesmo serviço com características distintas) | C11: Serviço de Mão de Obra de Educador Social 40H
A12: G | B12: Unidade de Medida | C12: Posto/Mês
A13: H | B13: Classificação Brasileira de Ocupações (CBO) | C13: 5153-05
A14: I | B14: Salário Normativo da Categoria Profissional 44h | C14: 0
A15: J | B15: Categoria Profissional (vinculada à execução contratual) | C15: Empregados de Empresas de Asseio e Conservação
A16: K | B16: Ano Acordo, Convenção ou Dissídio Coletivo | C16: 2026
A17: L | B17: Nº de registro do Acordo, Convenção ou Dissídio Coletivo | C17: MT000140/2026
A18: M | B18: Data-Base da Categoria (dia/mês/ano) | C18: 46023
A21: Módulo 1 - Composição da Remuneração | F21: Salário normativo
F22: =C14 -> 0
A23: 1 | B23: Composição da Remuneração | D23: Valor (R$) | G23: 200
A24: A | B24: Salário-Base | D24: 0 | F24: =C14/220 -> 0 | G24: =F24*G23 -> 0
A25: B | B25: Adicional de Assiduidade | D25: 0
A26: C | B26: Horas Extras 50% (Máximo 30 horas/mês) | D26: =(D24/200)*1.5*30 -> 0
A27: D | B27: Horas Extras 100% (Máximo 12 horas/mês) | D27: =(D24/200)*2*12 -> 0
A28: Total | D28: =SUM(D24:D27) -> 0
A29: Salário-Base: Foi utilizado a 8ª Faixa Salarial da CCT MT000140/2026, usando como referência o agente administrativo motorizado, considerando que Educador Social realizará trabalhos administrativos e com atribuições para conduzir veículos.
A30: Para cálculos do item 1(A) foi usado o salário de referência da faixa salarial que é de 44h semanais dividido por 220, chegou-se no valor da hora trabalhada, multiplicou-se pela carga horária mensal a ser realizada, utilizando o seguinte cálculo = R$ 2.769,06/220 = 12,59 (valor da hora) x 200 (carga horária mensal) resultando em um salário base de R$ 2.517,33
A31: Para cálculos do item 1(C) Será permitido a realização de 30 horas extras no mês, mediante autorização prévia. O valor da hora de referência foi estabelecido da seguinte forma: ((Salário base/carga horária 200h) * adicional 50% * quantidade máxima de 30 horas).
A32: Para cálculos do item 1(D) Será permitido a realização de 12 horas extras no mês, mediante autorização prévia. O valor da hora de referência foi estabelecido da seguinte forma: ((Salário base/carga horária 200h) * adicional 100% * quantidade máxima de 12 horas).
A34: Módulo 2 - Encargos e Benefícios Anuais, Mensais e Diários
A36: BASE DE CÁLCULO PARA O MÓDULO 2.1: | C36: MÓDULO 1 | D36: =D28 -> 0
C37: TOTAL | D37: =SUM(D36) -> 0
A39: Submódulo 2.1 - 13º (décimo terceiro) Salário, Férias e Adicional de Férias
A41: 2.1 | B41: 13º (décimo terceiro) Salário, Férias e Adicional de Férias | C41: Percentual (%) | D41: Valor (R$)
A42: A | B42: 13º (décimo terceiro) Salário | C42: 0.08333 | D42: =ROUND($D$37*C42,2) -> 0
A43: B | B43: Férias | C43: 0.08333 | D43: =ROUND($D$37*C43,2) -> 0
A44: C | B44: Adicional de Férias | C44: 0.027778 | D44: =ROUND($D$37*C44,2) -> 0
A45: Total | D45: =SUM(D42:D44) -> 0
A46: Para cálculos do itens 2.1 (A.B): Calculo mensal representando 12 meses, logo, 1/12 (um doze avos), (100%/12)=8,333% (100% remuneração/12 meses) Para cálculo do item 2.1.C: O adicional de férias corresponde a 1/3 da remuneração mensal, logo, 100%/3/12=2,7778%
A48: BASE DE CÁLCULO PARA O MÓDULO 2.2: | C48: MÓDULO 1 | D48: =D28 -> 0
C49: MÓDULO 2.1 | D49: =D45 -> 0
C50: TOTAL | D50: =SUM(D48:D49) -> 0
A52: Submódulo 2.2 - Encargos Previdenciários (GPS), Fundo de Garantia por Tempo de Serviço (FGTS) e outras contribuições.
A54: 2.2 | B54: GPS, FGTS e outras contribuições | C54: Percentual (%) | D54: Valor (R$)
A55: A | B55: INSS | C55: 0.2 | D55: =D50*C55 -> 0
A56: B | B56: Salário Educação | C56: 0.025 | D56: =D50*C56 -> 0
A57: C | B57: RAT X FAP (Riscos ambientais no trabalho x Fator acidentário de prevenção) | C57: 0.06 | D57: =D50*C57 -> 0
A58: D | B58: SESC ou SESI | C58: 0.015 | D58: =D50*C58 -> 0
A59: E | B59: SENAI - SENAC | C59: 0.01 | D59: =D50*C59 -> 0
A60: F | B60: SEBRAE | C60: 0.006 | D60: =D50*C60 -> 0
A61: G | B61: INCRA | C61: 0.002 | D61: =D50*C61 -> 0
A62: H | B62: FGTS | C62: 0.08 | D62: =D50*C62 -> 0
A63: Total | C63: =SUM(C55:C62) -> 0.398 | D63: =SUM(D55:D62) -> 0
A64: Nota Explicativa: Módulo de preenchimento conforme regime de enquadramento da empresa.
A65: Nos módulos preenchidos foram considerados os maiores índices percentuais e considerando que a empresa não esteja enquadrada no Simples Nacional.
A67: Submódulo 2.3 - Benefícios Mensais e Diários.
A68: 2.3 | B68: Benefícios Mensais e Diários | D68: Valor (R$)
A69: A.1 | B69: Auxílio Transporte Bruto | D69: 0
A70: A.2 | B70: (-) Dedução do Vale Transporte (até 6% do salário base, não considerados horas extras e adicionais) | D70: =D69*0.06 -> 0
A71: A.3 | B71: Auxílio Transporte Líquido ( A.1 - A.2 ) | D71: =D69-D70 -> 0
A72: B.1 | B72: Auxílio-Refeição/Alimentação Bruto | D72: 0
A73: B.2 | B73: (-) Dedução do Auxílio-Refeição (até 5% do valor do vale estipulado na CCT não considerados horas extras e adicionais) | D73: =D72*0.05 -> 0
A74: B.3 | B74: Auxílio-Refeição/Alimentação Líquido ( B.1 - B.2 ) | D74: =D72-D73 -> 0
A75: C | B75: Cesta Assiduidade | D75: 0
A76: D | B76: Seguro de Vida | D76: 0
A77: E | B77: Outros
A78: Total | D78: =D71+D74+D75+D76 -> 0
A79: Item 2.3(A.1): Calculo do valor do vale transporte corresponde a 02 vales diários (R$ 4,50) * 21 dias trabalhados. O valor unitário do vale é igual R$ 4,50, conforme disposto no Decreto municipal 5.991/2022. Item 2.3 (B.1): Para calculo foi utilizado como referência 21 dias efetivamente trabalhado, multiplicado pelo valor unitário do vale em R$ 25,66, conforme estipulado na CCT MT000140/2026 - Clausula Décima Quinta. Item 2.3 (C): Valor utilizado conforme a CCT MT000140/2026 - Clausula Nona. Item 2.3 (D): Seguro obrigatório, conforme CCT MT000140/2026 - Clausula Décima Oitava. Para estimativa do valor foi utilizado o valor praticado de R$ 2,98 no Contrato nº 081/2025 pela Prefeitura de Lucas do Rio Verde/MT.
A81: Quadro-Resumo do Módulo 2 - Encargos e Benefícios anuais, mensais e diários
A82: 2 | B82: Encargos e Benefícios Anuais, Mensais e Diários | D82: Valor (R$)
A83: 2.1 | B83: 13º (décimo terceiro) Salário, Férias e Adicional de Férias (Submódulo 2.1) | D83: =D45 -> 0
A84: 2.2 | B84: GPS, FGTS e outras contribuições (Submódulo 2.2) | D84: =D63 -> 0
A85: 2.3 | B85: Benefícios Mensais e Diários (Submódulo 2.3) | D85: =D78 -> 0
A86: Total | D86: =SUM(D83:D85) -> 0
A88: BASE DE CÁLCULO PARA O MÓDULO 3: (Composição da remuneração + encargos) | C88: MÓDULO 1 | D88: =D28 -> 0
C89: MÓDULO 2.1 | D89: =D45 -> 0
C90: TOTAL | D90: =SUM(D88:D89) -> 0
A92: Módulo 3 - Provisão para Rescisão
A93: 3 | B93: Provisão para Rescisão | C93: Percentual (%) | D93: Valor (R$)
A94: A | B94: Aviso Prévio Indenizado | C94: =1/12*5.55% -> 0.004625 | D94: =ROUND($D$90*C94,2) -> 0
A95: B | B95: Incidência do FGTS sobre o Aviso Prévio Indenizado | C95: 0.00037 | D95: =ROUND($D$90*C95,2) -> 0
A96: C | B96: Multa do FGTS e contribuição social sobre o Aviso Prévio Indenizado | C96: =(8%*40%*5.55%) -> 0.001776 | D96: =ROUND($D$90*C96,2) -> 0
A97: D | B97: Aviso Prévio Trabalhado | C97: =(1/30*7)/12 -> 0.019444444 | D97: =ROUND($D$90*C97,2) -> 0
A98: E | B98: Incidência de GPS, FGTS e outras contribuições sobre o Aviso Prévio Trabalhado | C98: 0.0072 | D98: =ROUND($D$90*C98,2) -> 0
A99: F | B99: Multa do FGTS e contribuição social sobre o Aviso Prévio Trabalhado | C99: =((0.08*0.4)) -> 0.032 | D99: =ROUND($D$90*C99,2) -> 0
A100: Total | D100: =SUM(D94:D99) -> 0
A101: Item 3.A: 5,55% - Percentual de empregados demitidos que não trabalham durante o aviso prévio, acordão TCU nº 1.904/2007, 1/12= 1 mês não trabalhado/12 Item 3.B: 8% FGTS * 046% Aviso prévio indenizado = 0,037% Item 3.C: 8% FGTS * 40% Valor multa FGTS * 5,55% Percentual de empregados demitidos) = 0,18% Item 3.D: [( 1 (remuneração integral)/30 (dias)*7 (nº dias de aviso prévio que se ausenta)/12 (meses)] = 1,94% Item 3.E: (% total do submódulo 2.2) * ( % Item 3-D Aviso Prévio Trabalhado) Item 3.F: 8% alíquota FGTS * 40% valor multa FGTS trabalhado
A103: BASE DE CÁLCULO PARA O MÓDULO 4: MÓDULO 1 + MÓDULO 2.1 + (MÓDULO 2.3 - Aux. Transp. Liq. - Aux. Alimentação Liq.) + MÓDULO 3 | C103: MÓDULO 1 | D103: =D28 -> 0
C104: MÓDULO 2.1 | D104: =D45 -> 0
C105: MÓDULO 2.3* | D105: =D85-D71-D74 -> 0
C106: MÓDULO 3 | D106: =D100 -> 0
C107: TOTAL | D107: =SUM(D103:D106) -> 0
A109: Módulo 4 - Custo de Reposição do Profissional Ausente
A110: Submódulo 4.1 - Substituto nas Ausências Legais
A111: 4.1 | B111: Ausências Legais | C111: Percentual (%) | D111: Valor (R$)
A112: A | B112: Substituto na cobertura de Férias | C112: 0 | D112: =ROUND($D$107*C112,2) -> 0
A113: B | B113: Substituto na cobertura de Ausências Legais | C113: 0.01633 | D113: =ROUND($D$107*C113,2) -> 0
A114: C | B114: Substituto na cobertura de Licença-Paternidade | C114: 0.00020833333 | D114: =ROUND($D$107*C114,2) -> 0
A115: D | B115: Substituto na cobertura de Ausência por acidente de trabalho | C115: 0.0033333333 | D115: =ROUND($D$107*C115,2) -> 0
A116: E | B116: Substituto na cobertura de Afastamento Maternidade | C116: 0.00056 | D116: =ROUND($D$107*C116,2) -> 0
A117: F | B117: Substituto na cobertura de Outras ausências (especificar)
...

Sheet Cuidador Social 44H
A1: PLANILHA DE CUSTOS E FORMAÇÃO DE PREÇOS
A2: MODELO PARA A CONSOLIDAÇÃO E APRESENTAÇÃO DE PROPOSTAS
A4: 1. DISCRIMINAÇÃO DOS SERVIÇOS (DADOS REFERENTES À CONTRATAÇÃO)
A6: A | B6: Nº do Processo | C6: 19.699/2026
A7: B | B7: Modalidade Licitação | C7: Pregão Eletrônico
A8: C | B8: Data de apresentação da proposta (dia/mês/ano): | C8: 46182
A9: D | B9: Município/UF | C9: Lucas do Rio Verde/MT
A10: E | B10: Número de meses de execução contratual: | C10: 12
A11: F | B11: Tipo de Serviço (mesmo serviço com características distintas) | C11: Serviço de Mão de Obra de Cuidador Social 44H
A12: G | B12: Unidade de Medida | C12: Posto/Mês
A13: H | B13: Classificação Brasileira de Ocupações (CBO) | C13: 5153-10
A14: I | B14: Salário Normativo da Categoria Profissional 44H | C14: 0
A15: J | B15: Categoria Profissional (vinculada à execução contratual) | C15: Empregados de Empresas de Asseio e Conservação
A16: K | B16: Ano Acordo, Convenção ou Dissídio Coletivo | C16: 2026
A17: L | B17: Nº de registro do Acordo, Convenção ou Dissídio Coletivo | C17: MT000140/2026
A18: M | B18: Data-Base da Categoria (dia/mês/ano) | C18: 46023
A21: Módulo 1 - Composição da Remuneração
A23: 1 | B23: Composição da Remuneração | D23: Valor (R$)
A24: A | B24: Salário-Base | D24: 0 | F24: =C14/220 -> 0
A25: B | B25: Adicional de Assiduidade | D25: 0
A26: C | B26: Horas Extras 50% (Máximo 30 horas/mês) | D26: =(D24/220)*1.5*30 -> 0
A27: D | B27: Horas Extras 100% (Máximo 12 horas/mês) | D27: =(D24/220)*2*12 -> 0
A28: Total | D28: =SUM(D24:D27) -> 0
A29: Salário-Base: Foi utilizado a 10ª Faixa Salarial da CCT MT000140/2026
A30: Para cálculos do item 1(C) Será permitido a realização de 30 horas extras no mês, mediante autorização prévia. O valor da hora de referência foi estabelecido da seguinte forma: ((Salário base/carga horária 220h) * adicional 50% * quantidade máxima de 30 horas).
A31: Para cálculos do item 1(D) Será permitido a realização de 12 horas extras no mês, mediante autorização prévia. O valor da hora de referência foi estabelecido da seguinte forma: ((Salário base/carga horária 220h) * adicional 100% * quantidade máxima de 12 horas).
A33: Módulo 2 - Encargos e Benefícios Anuais, Mensais e Diários
A35: BASE DE CÁLCULO PARA O MÓDULO 2.1: | C35: MÓDULO 1 | D35: =D28 -> 0
C36: TOTAL | D36: =SUM(D35) -> 0
A38: Submódulo 2.1 - 13º (décimo terceiro) Salário, Férias e Adicional de Férias
A40: 2.1 | B40: 13º (décimo terceiro) Salário, Férias e Adicional de Férias | C40: Percentual (%) | D40: Valor (R$)
A41: A | B41: 13º (décimo terceiro) Salário | C41: 0.08333 | D41: =ROUND($D$36*C41,2) -> 0
A42: B | B42: Férias | C42: 0.08333 | D42: =ROUND($D$36*C42,2) -> 0
A43: C | B43: Adicional de Férias | C43: 0.027778 | D43: =ROUND($D$36*C43,2) -> 0
A44: Total | D44: =SUM(D41:D43) -> 0
A45: Para cálculos do itens 2.1 (A.B): Calculo mensal representando 12 meses, logo, 1/12 (um doze avos), (100%/12)=8,333% (100% remuneração/12 meses) Para cálculo do item 2.1.C: O adicional de férias corresponde a 1/3 da remuneração mensal, logo, 100%/3/12=2,7778%
A47: BASE DE CÁLCULO PARA O MÓDULO 2.2: | C47: MÓDULO 1 | D47: =D28 -> 0
C48: MÓDULO 2.1 | D48: =D44 -> 0
C49: TOTAL | D49: =SUM(D47:D48) -> 0
A51: Submódulo 2.2 - Encargos Previdenciários (GPS), Fundo de Garantia por Tempo de Serviço (FGTS) e outras contribuições.
A53: 2.2 | B53: GPS, FGTS e outras contribuições | C53: Percentual (%) | D53: Valor (R$)
A54: A | B54: INSS | C54: 0.2 | D54: =D49*C54 -> 0
A55: B | B55: Salário Educação | C55: 0.025 | D55: =D49*C55 -> 0
A56: C | B56: RAT X FAP (Riscos ambientais no trabalho x Fator acidentário de prevenção) | C56: 0.06 | D56: =D49*C56 -> 0
A57: D | B57: SESC ou SESI | C57: 0.015 | D57: =D49*C57 -> 0
A58: E | B58: SENAI - SENAC | C58: 0.01 | D58: =D49*C58 -> 0
A59: F | B59: SEBRAE | C59: 0.006 | D59: =D49*C59 -> 0
A60: G | B60: INCRA | C60: 0.002 | D60: =D49*C60 -> 0
A61: H | B61: FGTS | C61: 0.08 | D61: =D49*C61 -> 0
A62: Total | C62: =SUM(C54:C61) -> 0.398 | D62: =SUM(D54:D61) -> 0
A63: Nota Explicativa: Módulo de preenchimento conforme regime de enquadramento da empresa.
A64: Nos módulos preenchidos foram considerados os maiores índices percentuais e considerando que a empresa não esteja enquadrada no Simples Nacional.
A66: Submódulo 2.3 - Benefícios Mensais e Diários.
A67: 2.3 | B67: Benefícios Mensais e Diários | D67: Valor (R$)
A68: A.1 | B68: Auxílio Transporte Bruto | D68: 0
A69: A.2 | B69: (-) Dedução do Vale Transporte (até 6% do salário base, não considerados horas extras e adicionais) | D69: =D68*0.06 -> 0
A70: A.3 | B70: Auxílio Transporte Líquido ( A.1 - A.2 ) | D70: =D68-D69 -> 0
A71: B.1 | B71: Auxílio-Refeição/Alimentação Bruto | D71: 0
A72: B.2 | B72: (-) Dedução do Auxílio-Refeição (até 5% do valor do vale estipulado na CCT não considerados horas extras e adicionais) | D72: =D71*0.05 -> 0
A73: B.3 | B73: Auxílio-Refeição/Alimentação Líquido ( B.1 - B.2 ) | D73: =D71-D72 -> 0
A74: C | B74: Cesta Assiduidade | D74: 0
A75: D | B75: Seguro de Vida | D75: 0
A76: E | B76: Outros
A77: Total | D77: =D70+D73+D74+D75 -> 0
A78: Item 2.3(A.1): Calculo do valor do vale transporte corresponde a 02 vales diários (R$ 4,50) * 21 dias trabalhados. O valor unitário do vale é igual R$ 4,50, conforme disposto no Decreto municipal 5.991/2022. Item 2.3 (B.1): Para calculo foi utilizado como referência 21 dias efetivamente trabalhado, multiplicado pelo valor unitário do vale em R$ 25,66, conforme estipulado na CCT MT000140/2026 - Clausula Décima Quinta. Item 2.3 (C): Valor utilizado conforme a CCT MT000140/2026 - Clausula Nona. Item 2.3 (D): Seguro obrigatório, conforme CCT MT000140/2026 - Clausula Décima Oitava. Para estimativa do valor foi utilizado o valor praticado de R$ 2,98 no Contrato nº 081/2025 pela Prefeitura de Lucas do Rio Verde/MT.
A80: Quadro-Resumo do Módulo 2 - Encargos e Benefícios anuais, mensais e diários
A81: 2 | B81: Encargos e Benefícios Anuais, Mensais e Diários | D81: Valor (R$)
A82: 2.1 | B82: 13º (décimo terceiro) Salário, Férias e Adicional de Férias (Submódulo 2.1) | D82: =D44 -> 0
A83: 2.2 | B83: GPS, FGTS e outras contribuições (Submódulo 2.2) | D83: =D62 -> 0
A84: 2.3 | B84: Benefícios Mensais e Diários (Submódulo 2.3) | D84: =D77 -> 0
A85: Total | D85: =SUM(D82:D84) -> 0
A87: BASE DE CÁLCULO PARA O MÓDULO 3: (Composição da remuneração + encargos) | C87: MÓDULO 1 | D87: =D28 -> 0
C88: MÓDULO 2.1 | D88: =D44 -> 0
C89: TOTAL | D89: =SUM(D87:D88) -> 0
A91: Módulo 3 - Provisão para Rescisão
A92: 3 | B92: Provisão para Rescisão | C92: Percentual (%) | D92: Valor (R$)
A93: A | B93: Aviso Prévio Indenizado | C93: =1/12*5.55% -> 0.004625 | D93: =ROUND($D$89*C93,2) -> 0
A94: B | B94: Incidência do FGTS sobre o Aviso Prévio Indenizado | C94: 0.00037 | D94: =ROUND($D$89*C94,2) -> 0
A95: C | B95: Multa do FGTS e contribuição social sobre o Aviso Prévio Indenizado | C95: =(8%*40%*5.55%) -> 0.001776 | D95: =ROUND($D$89*C95,2) -> 0
A96: D | B96: Aviso Prévio Trabalhado | C96: =(1/30*7)/12 -> 0.019444444 | D96: =ROUND($D$89*C96,2) -> 0
A97: E | B97: Incidência de GPS, FGTS e outras contribuições sobre o Aviso Prévio Trabalhado | C97: 0.0072 | D97: =ROUND($D$89*C97,2) -> 0
A98: F | B98: Multa do FGTS e contribuição social sobre o Aviso Prévio Trabalhado | C98: =((0.08*0.4)) -> 0.032 | D98: =ROUND($D$89*C98,2) -> 0
A99: Total | D99: =SUM(D93:D98) -> 0
A100: Item 3.A: 5,55% - Percentual de empregados demitidos que não trabalham durante o aviso prévio, acordão TCU nº 1.904/2007, 1/12= 1 mês não trabalhado/12 Item 3.B: 8% FGTS * 046% Aviso prévio indenizado = 0,037% Item 3.C: 8% FGTS * 40% Valor multa FGTS * 5,55% Percentual de empregados demitidos) = 0,18% Item 3.D: [( 1 (remuneração integral)/30 (dias)*7 (nº dias de aviso prévio que se ausenta)/12 (meses)] = 1,94% Item 3.E: (% total do submódulo 2.2) * ( % Item 3-D Aviso Prévio Trabalhado) Item 3.F: 8% alíquota FGTS * 40% valor multa FGTS trabalhado
A102: BASE DE CÁLCULO PARA O MÓDULO 4: MÓDULO 1 + MÓDULO 2.1 + (MÓDULO 2.3 - Aux. Transp. Liq. - Aux. Alimentação Liq.) + MÓDULO 3 | C102: MÓDULO 1 | D102: =D28 -> 0
C103: MÓDULO 2.1 | D103: =D44 -> 0
C104: MÓDULO 2.3* | D104: =D84-D70-D73 -> 0
C105: MÓDULO 3 | D105: =D99 -> 0
C106: TOTAL | D106: =SUM(D102:D105) -> 0
A108: Módulo 4 - Custo de Reposição do Profissional Ausente
A109: Submódulo 4.1 - Substituto nas Ausências Legais
A110: 4.1 | B110: Ausências Legais | C110: Percentual (%) | D110: Valor (R$)
A111: A | B111: Substituto na cobertura de Férias | C111: 0 | D111: =ROUND($D$106*C111,2) -> 0
A112: B | B112: Substituto na cobertura de Ausências Legais | C112: 0.01633 | D112: =ROUND($D$106*C112,2) -> 0
A113: C | B113: Substituto na cobertura de Licença-Paternidade | C113: 0.00020833333 | D113: =ROUND($D$106*C113,2) -> 0
A114: D | B114: Substituto na cobertura de Ausência por acidente de trabalho | C114: 0.0033333333 | D114: =ROUND($D$106*C114,2) -> 0
A115: E | B115: Substituto na cobertura de Afastamento Maternidade | C115: 0.00056 | D115: =ROUND($D$106*C115,2) -> 0
A116: F | B116: Substituto na cobertura de Outras ausências (especificar)
A117: Total | C117: =SUM(C111:C116) -> 0.020431667 | D117: =SUM(D111:D116) -> 0
A118: Item 4.1.B: (5,96 média de dias ausentes IBGE/365 dias ano) = 1,63% Item 4.1.C: [(5 dias licença paternidade/30 dias)/12 meses]*0,015 média de trabalhadores que são pais durante o ano IBGE = 0,02% Item 4.1.D: [(15 numero de dias que o empregado repousa)/30 dias mes)/12 meses]*8% média trabalhadores que sofrem acidente/ano IBGE= 0,33% Item 4.1.E: [ 0,02 indice de ocorrencia IBGE (4 meses de licença maternidade) /12 meses]= 0,056%
...

Sheet Cuidador Social 12x36 Diurno
A1: PLANILHA DE CUSTOS E FORMAÇÃO DE PREÇOS
A2: MODELO PARA A CONSOLIDAÇÃO E APRESENTAÇÃO DE PROPOSTAS
A4: 1. DISCRIMINAÇÃO DOS SERVIÇOS (DADOS REFERENTES À CONTRATAÇÃO)
A6: A | B6: Nº do Processo | C6: 19.699/2026
A7: B | B7: Modalidade Licitação | C7: Pregão Eletrônico
A8: C | B8: Data de apresentação da proposta (dia/mês/ano): | C8: 46182
A9: D | B9: Município/UF | C9: Lucas do Rio Verde/MT | K9: horas noturnas
A10: E | B10: Número de meses de execução contratual: | C10: 12
A11: F | B11: Tipo de Serviço (mesmo serviço com características distintas) | C11: Serviço de Mão de Obra de Cuidador Social 12x36 Diurno | J11: Mínimo | K11: 180h = 15 plantões | L11: =15*7 -> 105
A12: G | B12: Unidade de Medida | C12: Posto/Mês | J12: media | K12: 192h=16 plantões | L12: =16*7 -> 112
A13: H | B13: Classificação Brasileira de Ocupações (CBO) | C13: 5153-10 | J13: máximo | K13: 204h=17 plantões | L13: =17*7 -> 119
A14: I | B14: Salário Normativo da Categoria Profissional 44H | C14: 0
A15: J | B15: Categoria Profissional (vinculada à execução contratual) | C15: Empregados de Empresas de Asseio e Conservação
A16: K | B16: Ano Acordo, Convenção ou Dissídio Coletivo | C16: 2026
A17: L | B17: Nº de registro do Acordo, Convenção ou Dissídio Coletivo | C17: MT000140/2026
A18: M | B18: Data-Base da Categoria (dia/mês/ano) | C18: 46023
A21: Módulo 1 - Composição da Remuneração | F21: Salário normativo
F22: =C14 -> 0
A23: 1 | B23: Composição da Remuneração | D23: Valor (R$) | G23: 180 | H23: horas/mes
A24: A | B24: Salário-Base | D24: 0 | F24: =C14/220 -> 0 | G24: =F24*G23 -> 0 | H24: base proporcional
A25: B | B25: Adicional de Assiduidade | D25: 0
A26: Total | D26: =SUM(D24:D25) -> 0
A27: Salário-Base: Foi utilizado a 10ª Faixa Salarial da CCT MT000140/2026
A29: Módulo 2 - Encargos e Benefícios Anuais, Mensais e Diários
A31: BASE DE CÁLCULO PARA O MÓDULO 2.1: | C31: MÓDULO 1 | D31: =D26 -> 0
C32: TOTAL | D32: =SUM(D31) -> 0
A34: Submódulo 2.1 - 13º (décimo terceiro) Salário, Férias e Adicional de Férias
A36: 2.1 | B36: 13º (décimo terceiro) Salário, Férias e Adicional de Férias | C36: Percentual (%) | D36: Valor (R$)
A37: A | B37: 13º (décimo terceiro) Salário | C37: 0.08333 | D37: =ROUND($D$32*C37,2) -> 0
A38: B | B38: Férias | C38: 0.08333 | D38: =ROUND($D$32*C38,2) -> 0
A39: C | B39: Adicional de Férias | C39: 0.027778 | D39: =ROUND($D$32*C39,2) -> 0
A40: Total | D40: =SUM(D37:D39) -> 0
A41: Para cálculos do itens 2.1 (A.B): Calculo mensal representando 12 meses, logo, 1/12 (um doze avos), (100%/12)=8,333% (100% remuneração/12 meses) Para cálculo do item 2.1.C: O adicional de férias corresponde a 1/3 da remuneração mensal, logo, 100%/3/12=2,7778%
A43: BASE DE CÁLCULO PARA O MÓDULO 2.2: | C43: MÓDULO 1 | D43: =D26 -> 0
C44: MÓDULO 2.1 | D44: =D40 -> 0
C45: TOTAL | D45: =SUM(D43:D44) -> 0
A47: Submódulo 2.2 - Encargos Previdenciários (GPS), Fundo de Garantia por Tempo de Serviço (FGTS) e outras contribuições.
A49: 2.2 | B49: GPS, FGTS e outras contribuições | C49: Percentual (%) | D49: Valor (R$)
A50: A | B50: INSS | C50: 0.2 | D50: =D45*C50 -> 0
A51: B | B51: Salário Educação | C51: 0.025 | D51: =D45*C51 -> 0
A52: C | B52: RAT X FAP (Riscos ambientais no trabalho x Fator acidentário de prevenção) | C52: 0.06 | D52: =D45*C52 -> 0
A53: D | B53: SESC ou SESI | C53: 0.015 | D53: =D45*C53 -> 0
A54: E | B54: SENAI - SENAC | C54: 0.01 | D54: =D45*C54 -> 0
A55: F | B55: SEBRAE | C55: 0.006 | D55: =D45*C55 -> 0
A56: G | B56: INCRA | C56: 0.002 | D56: =D45*C56 -> 0
A57: H | B57: FGTS | C57: 0.08 | D57: =D45*C57 -> 0
A58: Total | C58: =SUM(C50:C57) -> 0.398 | D58: =SUM(D50:D57) -> 0
A59: Nota Explicativa: Módulo de preenchimento conforme regime de enquadramento da empresa.
A60: Nos módulos preenchidos foram considerados os maiores índices percentuais e considerando que a empresa não esteja enquadrada no Simples Nacional.
A62: Submódulo 2.3 - Benefícios Mensais e Diários.
A63: 2.3 | B63: Benefícios Mensais e Diários | D63: Valor (R$)
A64: A.1 | B64: Auxílio Transporte Bruto | D64: 0
A65: A.2 | B65: (-) Dedução do Vale Transporte (até 6% do salário base, não considerados horas extras e adicionais) | D65: =D64*0.06 -> 0
A66: A.3 | B66: Auxílio Transporte Líquido ( A.1 - A.2 ) | D66: =D64-D65 -> 0
A67: B.1 | B67: Auxílio-Refeição/Alimentação Bruto | D67: 0
A68: B.2 | B68: (-) Dedução do Auxílio-Refeição (até 5% do valor do vale estipulado na CCT não considerados horas extras e adicionais) | D68: =D67*0.05 -> 0
A69: B.3 | B69: Auxílio-Refeição/Alimentação Líquido ( B.1 - B.2 ) | D69: =D67-D68 -> 0
A70: C | B70: Cesta Assiduidade | D70: 0
A71: D | B71: Seguro de Vida | D71: 0
A72: E | B72: Outros
A73: Total | D73: =D66+D69+D70+D71 -> 0
A74: Item 2.3(A.1): Calculo do valor do vale transporte corresponde a 02 vales diários (R$ 4,50) * 15 dias trabalhados. O valor unitário do vale é igual R$ 4,50, conforme disposto no Decreto municipal 5.991/2022. Item 2.3 (B.1): Para calculo foi utilizado como referência 15 dias efetivamente trabalhado, multiplicado pelo valor unitário do vale em R$ 25,66, conforme estipulado na CCT MT000140/2026 - Clausula Décima Quinta. Item 2.3 (C): Valor utilizado conforme a CCT MT000140/2026 - Clausula Nona. Item 2.3 (D): Seguro obrigatório, conforme CCT MT000140/2026 - Clausula Décima Oitava. Para estimativa do valor foi utilizado o valor praticado de R$ 2,98 no Contrato nº 081/2025 pela Prefeitura de Lucas do Rio Verde/MT.
A76: Quadro-Resumo do Módulo 2 - Encargos e Benefícios anuais, mensais e diários
A77: 2 | B77: Encargos e Benefícios Anuais, Mensais e Diários | D77: Valor (R$)
A78: 2.1 | B78: 13º (décimo terceiro) Salário, Férias e Adicional de Férias (Submódulo 2.1) | D78: =D40 -> 0
A79: 2.2 | B79: GPS, FGTS e outras contribuições (Submódulo 2.2) | D79: =D58 -> 0
A80: 2.3 | B80: Benefícios Mensais e Diários (Submódulo 2.3) | D80: =D73 -> 0
A81: Total | D81: =SUM(D78:D80) -> 0
A83: BASE DE CÁLCULO PARA O MÓDULO 3: (Composição da remuneração + encargos) | C83: MÓDULO 1 | D83: =D26 -> 0
C84: MÓDULO 2.1 | D84: =D40 -> 0
C85: TOTAL | D85: =SUM(D83:D84) -> 0
A87: Módulo 3 - Provisão para Rescisão
A88: 3 | B88: Provisão para Rescisão | C88: Percentual (%) | D88: Valor (R$)
A89: A | B89: Aviso Prévio Indenizado | C89: =1/12*5.55% -> 0.004625 | D89: =ROUND($D$85*C89,2) -> 0
A90: B | B90: Incidência do FGTS sobre o Aviso Prévio Indenizado | C90: 0.00037 | D90: =ROUND($D$85*C90,2) -> 0
A91: C | B91: Multa do FGTS e contribuição social sobre o Aviso Prévio Indenizado | C91: =(8%*40%*5.55%) -> 0.001776 | D91: =ROUND($D$85*C91,2) -> 0
A92: D | B92: Aviso Prévio Trabalhado | C92: =(1/30*7)/12 -> 0.019444444 | D92: =ROUND($D$85*C92,2) -> 0
A93: E | B93: Incidência de GPS, FGTS e outras contribuições sobre o Aviso Prévio Trabalhado | C93: 0.0072 | D93: =ROUND($D$85*C93,2) -> 0
A94: F | B94: Multa do FGTS e contribuição social sobre o Aviso Prévio Trabalhado | C94: =((0.08*0.4)) -> 0.032 | D94: =ROUND($D$85*C94,2) -> 0
A95: Total | D95: =SUM(D89:D94) -> 0
A96: Item 3.A: 5,55% - Percentual de empregados demitidos que não trabalham durante o aviso prévio, acordão TCU nº 1.904/2007, 1/12= 1 mês não trabalhado/12 Item 3.B: 8% FGTS * 046% Aviso prévio indenizado = 0,037% Item 3.C: 8% FGTS * 40% Valor multa FGTS * 5,55% Percentual de empregados demitidos) = 0,18% Item 3.D: [( 1 (remuneração integral)/30 (dias)*7 (nº dias de aviso prévio que se ausenta)/12 (meses)] = 1,94% Item 3.E: (% total do submódulo 2.2) * ( % Item 3-D Aviso Prévio Trabalhado) Item 3.F: 8% alíquota FGTS * 40% valor multa FGTS trabalhado
A98: BASE DE CÁLCULO PARA O MÓDULO 4: MÓDULO 1 + MÓDULO 2.1 + (MÓDULO 2.3 - Aux. Transp. Liq. - Aux. Alimentação Liq.) + MÓDULO 3 | C98: MÓDULO 1 | D98: =D26 -> 0
C99: MÓDULO 2.1 | D99: =D40 -> 0
C100: MÓDULO 2.3* | D100: =D80-D66-D69 -> 0
C101: MÓDULO 3 | D101: =D95 -> 0
C102: TOTAL | D102: =SUM(D98:D101) -> 0
A104: Módulo 4 - Custo de Reposição do Profissional Ausente
A105: Submódulo 4.1 - Substituto nas Ausências Legais
A106: 4.1 | B106: Ausências Legais | C106: Percentual (%) | D106: Valor (R$)
A107: A | B107: Substituto na cobertura de Férias | C107: 0 | D107: =ROUND($D$102*C107,2) -> 0
A108: B | B108: Substituto na cobertura de Ausências Legais | C108: 0.01633 | D108: =ROUND($D$102*C108,2) -> 0
A109: C | B109: Substituto na cobertura de Licença-Paternidade | C109: 0.00020833333 | D109: =ROUND($D$102*C109,2) -> 0
A110: D | B110: Substituto na cobertura de Ausência por acidente de trabalho | C110: 0.0033333333 | D110: =ROUND($D$102*C110,2) -> 0
A111: E | B111: Substituto na cobertura de Afastamento Maternidade | C111: 0.00056 | D111: =ROUND($D$102*C111,2) -> 0
A112: F | B112: Substituto na cobertura de Outras ausências (especificar)
A113: Total | C113: =SUM(C107:C112) -> 0.020431667 | D113: =SUM(D107:D112) -> 0
A114: Item 4.1.B: (5,96 média de dias ausentes IBGE/365 dias ano) = 1,63% Item 4.1.C: [(5 dias licença paternidade/30 dias)/12 meses]*0,015 média de trabalhadores que são pais durante o ano IBGE = 0,02% Item 4.1.D: [(15 numero de dias que o empregado repousa)/30 dias mes)/12 meses]*8% média trabalhadores que sofrem acidente/ano IBGE= 0,33% Item 4.1.E: [ 0,02 indice de ocorrencia IBGE (4 meses de licença maternidade) /12 meses]= 0,056%
A116: Submódulo 4.2 - Incidências sobre o Substituto nas Ausências Legais
A118: 4.2 | B118: Incidência do Submódulo 2.2 sobre o Substituto nas Ausências Legais | C118: Percentual (%) | D118: Valor (R$)
A119: A | B119: Incidência do Submódulo 2.2 sobre o Substituto nas Ausências Legais | C119: 0.00752 | D119: =ROUND(C119*D102,2) -> 0
...

Sheet Cuidador Social 12x36 Noturno
A1: PLANILHA DE CUSTOS E FORMAÇÃO DE PREÇOS
A2: MODELO PARA A CONSOLIDAÇÃO E APRESENTAÇÃO DE PROPOSTAS
A4: 1. DISCRIMINAÇÃO DOS SERVIÇOS (DADOS REFERENTES À CONTRATAÇÃO)
A6: A | B6: Nº do Processo | C6: 19.699/2026
A7: B | B7: Modalidade Licitação | C7: Pregão Eletrônico
A8: C | B8: Data de apresentação da proposta (dia/mês/ano): | C8: 46182
A9: D | B9: Município/UF | C9: Lucas do Rio Verde/MT | K9: horas noturnas
A10: E | B10: Número de meses de execução contratual: | C10: 12
A11: F | B11: Tipo de Serviço (mesmo serviço com características distintas) | C11: Serviço de Mão de Obra de Cuidador Social 12x36 Noturno | J11: Mínimo | K11: 180h = 15 plantões | L11: =15*7 -> 105
A12: G | B12: Unidade de Medida | C12: Posto/Mês | J12: media | K12: 192h=16 plantões | L12: =16*7 -> 112
A13: H | B13: Classificação Brasileira de Ocupações (CBO) | C13: 5153-10 | J13: máximo | K13: 204h=17 plantões | L13: =17*7 -> 119
A14: I | B14: Salário Normativo da Categoria Profissional 44H | C14: 0
A15: J | B15: Categoria Profissional (vinculada à execução contratual) | C15: Empregados de Empresas de Asseio e Conservação
A16: K | B16: Ano Acordo, Convenção ou Dissídio Coletivo | C16: 2026
A17: L | B17: Nº de registro do Acordo, Convenção ou Dissídio Coletivo | C17: MT000140/2026
A18: M | B18: Data-Base da Categoria (dia/mês/ano) | C18: 46023
A21: Módulo 1 - Composição da Remuneração | F21: Salário normativo
F22: =C14 -> 0
A23: 1 | B23: Composição da Remuneração | D23: Valor (R$) | G23: 180 | H23: horas/mes
A24: A | B24: Salário-Base | D24: 0 | F24: =C14/220 -> 0 | G24: =F24*G23 -> 0 | H24: base proporcional
A25: B | B25: Adicional de Assiduidade | D25: 0
A26: C | B26: Adicional Noturno | C26: 0.2 | D26: =((D24)/220)*0.2*7*15 -> 0
A27: D | B27: Adicional Hora Noturna reduzida | D27: =((D24)/220)*1.2*1*15 -> 0
A28: Total | D28: =SUM(D24:D27) -> 0
A29: Salário-Base: Foi utilizado a 10ª Faixa Salarial da CCT MT000140/2026
A30: Para cálculos do item 1(C) foi considerado o trabalho de 7 horas noturnas por plantão e considerado que na escala 12x36 o profissional irá trabalhar 15 plantões no mês. Para o valor da hora de referência foi considerado o salário base e carga horária de 220h, sendo R$ 4.093,92/220 = R$ 18,61 valor da hora normal para fins de cálculo do adicional noturno e aplicado o adicional de 20% sobre as horas trabalhadas. Foi utilizado a seguinte fórmula: (((Sal. Base/220))*20%)) x quantidade horas noturnas) x quantidade dias com adicional noturno))
A31: Para cálculos do item 1 (D) foi considerado o fator de redução na hora noturna trabalhada, sendo que a cada 60 minutos trabalhados, é computado 52 minutos e 30 segundos. Foi utilizado a seguinte fórmula: (((salário base/220) x quantidade de hora noturna adicional) x 120%) x quantidade de dias trabalhados))
A32: Valor do adicional noturno será pago sobre o valor da hora efetivamente trabalhada.
A34: Módulo 2 - Encargos e Benefícios Anuais, Mensais e Diários
A36: BASE DE CÁLCULO PARA O MÓDULO 2.1: | C36: MÓDULO 1 | D36: =D28 -> 0
C37: TOTAL | D37: =SUM(D36) -> 0
A39: Submódulo 2.1 - 13º (décimo terceiro) Salário, Férias e Adicional de Férias
A41: 2.1 | B41: 13º (décimo terceiro) Salário, Férias e Adicional de Férias | C41: Percentual (%) | D41: Valor (R$)
A42: A | B42: 13º (décimo terceiro) Salário | C42: 0.08333 | D42: =ROUND($D$37*C42,2) -> 0
A43: B | B43: Férias | C43: 0.08333 | D43: =ROUND($D$37*C43,2) -> 0
A44: C | B44: Adicional de Férias | C44: 0.027778 | D44: =ROUND($D$37*C44,2) -> 0
A45: Total | D45: =SUM(D42:D44) -> 0
A46: Para cálculos do itens 2.1 (A.B): Calculo mensal representando 12 meses, logo, 1/12 (um doze avos), (100%/12)=8,333% (100% remuneração/12 meses) Para cálculo do item 2.1.C: O adicional de férias corresponde a 1/3 da remuneração mensal, logo, 100%/3/12=2,7778%
A48: BASE DE CÁLCULO PARA O MÓDULO 2.2: | C48: MÓDULO 1 | D48: =D28 -> 0
C49: MÓDULO 2.1 | D49: =D45 -> 0
C50: TOTAL | D50: =SUM(D48:D49) -> 0
A52: Submódulo 2.2 - Encargos Previdenciários (GPS), Fundo de Garantia por Tempo de Serviço (FGTS) e outras contribuições.
A54: 2.2 | B54: GPS, FGTS e outras contribuições | C54: Percentual (%) | D54: Valor (R$)
A55: A | B55: INSS | C55: 0.2 | D55: =D50*C55 -> 0
A56: B | B56: Salário Educação | C56: 0.025 | D56: =D50*C56 -> 0
A57: C | B57: RAT X FAP (Riscos ambientais no trabalho x Fator acidentário de prevenção) | C57: 0.06 | D57: =D50*C57 -> 0
A58: D | B58: SESC ou SESI | C58: 0.015 | D58: =D50*C58 -> 0
A59: E | B59: SENAI - SENAC | C59: 0.01 | D59: =D50*C59 -> 0
A60: F | B60: SEBRAE | C60: 0.006 | D60: =D50*C60 -> 0
A61: G | B61: INCRA | C61: 0.002 | D61: =D50*C61 -> 0
A62: H | B62: FGTS | C62: 0.08 | D62: =D50*C62 -> 0
A63: Total | C63: =SUM(C55:C62) -> 0.398 | D63: =SUM(D55:D62) -> 0
A64: Nota Explicativa: Módulo de preenchimento conforme regime de enquadramento da empresa.
A65: Nos módulos preenchidos foram considerados os maiores índices percentuais e considerando que a empresa não esteja enquadrada no Simples Nacional.
A67: Submódulo 2.3 - Benefícios Mensais e Diários.
A68: 2.3 | B68: Benefícios Mensais e Diários | D68: Valor (R$)
A69: A.1 | B69: Auxílio Transporte Bruto | D69: 0
A70: A.2 | B70: (-) Dedução do Vale Transporte (até 6% do salário base, não considerados horas extras e adicionais) | D70: =D69*0.06 -> 0
A71: A.3 | B71: Auxílio Transporte Líquido ( A.1 - A.2 ) | D71: =D69-D70 -> 0
A72: B.1 | B72: Auxílio-Refeição/Alimentação Bruto | D72: 0
A73: B.2 | B73: (-) Dedução do Auxílio-Refeição (até 5% do valor do vale estipulado na CCT não considerados horas extras e adicionais) | D73: =D72*0.05 -> 0
A74: B.3 | B74: Auxílio-Refeição/Alimentação Líquido ( B.1 - B.2 ) | D74: =D72-D73 -> 0
A75: C | B75: Cesta Assiduidade | D75: 0
A76: D | B76: Seguro de Vida | D76: 0
A77: E | B77: Outros
A78: Total | D78: =D71+D74+D75+D76 -> 0
A79: Item 2.3(A.1): Calculo do valor do vale transporte corresponde a 02 vales diários (R$ 4,50) * 15 dias trabalhados. O valor unitário do vale é igual R$ 4,50, conforme disposto no Decreto municipal 5.991/2022. Item 2.3 (B.1): Para calculo foi utilizado como referência 15 dias efetivamente trabalhado, multiplicado pelo valor unitário do vale em R$ 25,66, conforme estipulado na CCT MT000140/2026 - Clausula Décima Quinta. Item 2.3 (C): Valor utilizado conforme a CCT MT000140/2026 - Clausula Nona. Item 2.3 (D): Seguro obrigatório, conforme CCT MT000140/2026 - Clausula Décima Oitava. Para estimativa do valor foi utilizado o valor praticado de R$ 2,98 no Contrato nº 081/2025 pela Prefeitura de Lucas do Rio Verde/MT.
A81: Quadro-Resumo do Módulo 2 - Encargos e Benefícios anuais, mensais e diários
A82: 2 | B82: Encargos e Benefícios Anuais, Mensais e Diários | D82: Valor (R$)
A83: 2.1 | B83: 13º (décimo terceiro) Salário, Férias e Adicional de Férias (Submódulo 2.1) | D83: =D45 -> 0
A84: 2.2 | B84: GPS, FGTS e outras contribuições (Submódulo 2.2) | D84: =D63 -> 0
A85: 2.3 | B85: Benefícios Mensais e Diários (Submódulo 2.3) | D85: =D78 -> 0
A86: Total | D86: =SUM(D83:D85) -> 0
A88: BASE DE CÁLCULO PARA O MÓDULO 3: (Composição da remuneração + encargos) | C88: MÓDULO 1 | D88: =D28 -> 0
C89: MÓDULO 2.1 | D89: =D45 -> 0
C90: TOTAL | D90: =SUM(D88:D89) -> 0
A92: Módulo 3 - Provisão para Rescisão
A93: 3 | B93: Provisão para Rescisão | C93: Percentual (%) | D93: Valor (R$)
A94: A | B94: Aviso Prévio Indenizado | C94: =1/12*5.55% -> 0.004625 | D94: =ROUND($D$90*C94,2) -> 0
A95: B | B95: Incidência do FGTS sobre o Aviso Prévio Indenizado | C95: 0.00037 | D95: =ROUND($D$90*C95,2) -> 0
A96: C | B96: Multa do FGTS e contribuição social sobre o Aviso Prévio Indenizado | C96: =(8%*40%*5.55%) -> 0.001776 | D96: =ROUND($D$90*C96,2) -> 0
A97: D | B97: Aviso Prévio Trabalhado | C97: =(1/30*7)/12 -> 0.019444444 | D97: =ROUND($D$90*C97,2) -> 0
A98: E | B98: Incidência de GPS, FGTS e outras contribuições sobre o Aviso Prévio Trabalhado | C98: 0.0072 | D98: =ROUND($D$90*C98,2) -> 0
A99: F | B99: Multa do FGTS e contribuição social sobre o Aviso Prévio Trabalhado | C99: =((0.08*0.4)) -> 0.032 | D99: =ROUND($D$90*C99,2) -> 0
A100: Total | D100: =SUM(D94:D99) -> 0
A101: Item 3.A: 5,55% - Percentual de empregados demitidos que não trabalham durante o aviso prévio, acordão TCU nº 1.904/2007, 1/12= 1 mês não trabalhado/12 Item 3.B: 8% FGTS * 046% Aviso prévio indenizado = 0,037% Item 3.C: 8% FGTS * 40% Valor multa FGTS * 5,55% Percentual de empregados demitidos) = 0,18% Item 3.D: [( 1 (remuneração integral)/30 (dias)*7 (nº dias de aviso prévio que se ausenta)/12 (meses)] = 1,94% Item 3.E: (% total do submódulo 2.2) * ( % Item 3-D Aviso Prévio Trabalhado) Item 3.F: 8% alíquota FGTS * 40% valor multa FGTS trabalhado
A103: BASE DE CÁLCULO PARA O MÓDULO 4: MÓDULO 1 + MÓDULO 2.1 + (MÓDULO 2.3 - Aux. Transp. Liq. - Aux. Alimentação Liq.) + MÓDULO 3 | C103: MÓDULO 1 | D103: =D28 -> 0
C104: MÓDULO 2.1 | D104: =D45 -> 0
C105: MÓDULO 2.3* | D105: =D85-D71-D74 -> 0
C106: MÓDULO 3 | D106: =D100 -> 0
C107: TOTAL | D107: =SUM(D103:D106) -> 0
A109: Módulo 4 - Custo de Reposição do Profissional Ausente
A110: Submódulo 4.1 - Substituto nas Ausências Legais
A111: 4.1 | B111: Ausências Legais | C111: Percentual (%) | D111: Valor (R$)
A112: A | B112: Substituto na cobertura de Férias | C112: 0 | D112: =ROUND($D$107*C112,2) -> 0
A113: B | B113: Substituto na cobertura de Ausências Legais | C113: 0.01633 | D113: =ROUND($D$107*C113,2) -> 0
A114: C | B114: Substituto na cobertura de Licença-Paternidade | C114: 0.00020833333 | D114: =ROUND($D$107*C114,2) -> 0
A115: D | B115: Substituto na cobertura de Ausência por acidente de trabalho | C115: 0.0033333333 | D115: =ROUND($D$107*C115,2) -> 0
A116: E | B116: Substituto na cobertura de Afastamento Maternidade | C116: 0.00056 | D116: =ROUND($D$107*C116,2) -> 0
A117: F | B117: Substituto na cobertura de Outras ausências (especificar)
...

Sheet Biomedico 40H
A1: PLANILHA DE CUSTOS E FORMAÇÃO DE PREÇOS
A2: MODELO PARA A CONSOLIDAÇÃO E APRESENTAÇÃO DE PROPOSTAS
A4: 1. DISCRIMINAÇÃO DOS SERVIÇOS (DADOS REFERENTES À CONTRATAÇÃO)
A6: A | B6: Nº do Processo | C6: 19.699/2026
A7: B | B7: Modalidade Licitação | C7: Pregão Eletrônico
A8: C | B8: Data de apresentação da proposta (dia/mês/ano): | C8: 46182
A9: D | B9: Município/UF | C9: Lucas do Rio Verde/MT
A10: E | B10: Número de meses de execução contratual: | C10: 12
A11: F | B11: Tipo de Serviço (mesmo serviço com características distintas) | C11: Biomédico 40H
A12: G | B12: Unidade de Medida | C12: Posto/Mês
A13: H | B13: Classificação Brasileira de Ocupações (CBO) | C13: 4110-05
A14: I | B14: Salário Normativo da Categoria Profissional | C14: 0
A15: J | B15: Categoria Profissional (vinculada à execução contratual) | C15: Empregados de Empresas de Asseio e Conservação
A16: K | B16: Ano Acordo, Convenção ou Dissídio Coletivo | C16: 2026
A17: L | B17: Nº de registro do Acordo, Convenção ou Dissídio Coletivo | C17: MT000140/2026
A18: M | B18: Data-Base da Categoria (dia/mês/ano) | C18: 46023
A21: Módulo 1 - Composição da Remuneração
A23: 1 | B23: Composição da Remuneração | D23: Valor (R$)
A24: A | B24: Salário-Base | D24: 0 | F24: salário mínimo
A25: B | B25: Adicional de Assiduidade | D25: 0 | F25: 1621
A26: C | B26: Adicional Insalubridade | C26: 0.4 | D26: 0
A27: D | B27: Horas Extras 50% (Máximo 30 horas/mês) | D27: =((D24+D26)/200*1.5*30) -> 0
A28: E | B28: Horas Extras 100% (Máximo 12 horas/mês) | D28: =((D24+D26)/200*2*12) -> 0
A29: Total | D29: =SUM(D24:D28) -> 0
A30: Salário-Base: Considerando que o cargo não está inserido em uma faixa específica na CCT MT 000140/2026, foi utilizado como salário base o salário médio praticado da categoria no Estado de Mato Grosso, conforme pesquisa de preços realizada no sítio eletrônico especializado “www.salario.com.br” que extrai informações oficiais do CAGED.
A31: Para cálculos do item 1(C ) Para base de cálculos foi considerado o adicional de insalubridade em seu grau máximo, correspondente a 40%, no entanto, o adicional será pago conforme grau de insalubridade apresentado em laudo técnico.
A32: Para cálculos do item 1(D) Será permitido a realização de 30 horas extras no mês, mediante autorização prévia. O valor da hora de referência foi estabelecido da seguinte forma: ((Salário base + (insalubridade aplicada sobre salário mínimo)/carga horária 200h) * adicional 50% * quantidade máxima de 30 horas).
A33: Para cálculos do item 1(E) Será permitido a realização de 12 horas extras no mês, mediante autorização prévia. O valor da hora de referência foi estabelecido da seguinte forma: ((Salário base + (insalubridade aplicada sobre salário mínimo)/carga horária 200h) * adicional 100% * quantidade máxima de 12 horas).
A35: Módulo 2 - Encargos e Benefícios Anuais, Mensais e Diários
A37: BASE DE CÁLCULO PARA O MÓDULO 2.1: | C37: MÓDULO 1 | D37: =D29 -> 0
C38: TOTAL | D38: =SUM(D37) -> 0
A40: Submódulo 2.1 - 13º (décimo terceiro) Salário, Férias e Adicional de Férias
A42: 2.1 | B42: 13º (décimo terceiro) Salário, Férias e Adicional de Férias | C42: Percentual (%) | D42: Valor (R$)
A43: A | B43: 13º (décimo terceiro) Salário | C43: 0.08333 | D43: =ROUND($D$38*C43,2) -> 0
A44: B | B44: Férias | C44: 0.08333 | D44: =ROUND($D$38*C44,2) -> 0
A45: C | B45: Adicional de Férias | C45: 0.027778 | D45: =ROUND($D$38*C45,2) -> 0
A46: Total | D46: =SUM(D43:D45) -> 0
A47: Para cálculos do itens 2.1 (A.B): Calculo mensal representando 12 meses, logo, 1/12 (um doze avos), (100%/12)=8,333% (100% remuneração/12 meses) Para cálculo do item 2.1.C: O adicional de férias corresponde a 1/3 da remuneração mensal, logo, 100%/3/12=2,7778%
A49: BASE DE CÁLCULO PARA O MÓDULO 2.2: | C49: MÓDULO 1 | D49: =D29 -> 0
C50: MÓDULO 2.1 | D50: =D46 -> 0
C51: TOTAL | D51: =SUM(D49:D50) -> 0
A53: Submódulo 2.2 - Encargos Previdenciários (GPS), Fundo de Garantia por Tempo de Serviço (FGTS) e outras contribuições.
A55: 2.2 | B55: GPS, FGTS e outras contribuições | C55: Percentual (%) | D55: Valor (R$)
A56: A | B56: INSS | C56: 0.2 | D56: =D51*C56 -> 0
A57: B | B57: Salário Educação | C57: 0.025 | D57: =D51*C57 -> 0
A58: C | B58: RAT X FAP (Riscos ambientais no trabalho x Fator acidentário de prevenção) | C58: 0.06 | D58: =D51*C58 -> 0
A59: D | B59: SESC ou SESI | C59: 0.015 | D59: =D51*C59 -> 0
A60: E | B60: SENAI - SENAC | C60: 0.01 | D60: =D51*C60 -> 0
A61: F | B61: SEBRAE | C61: 0.006 | D61: =D51*C61 -> 0
A62: G | B62: INCRA | C62: 0.002 | D62: =D51*C62 -> 0
A63: H | B63: FGTS | C63: 0.08 | D63: =D51*C63 -> 0
A64: Total | C64: =SUM(C56:C63) -> 0.398 | D64: =SUM(D56:D63) -> 0
A65: Nota Explicativa: Módulo de preenchimento conforme regime de enquadramento da empresa.
A66: Nos módulos preenchidos foram considerados os maiores índices percentuais e considerando que a empresa não esteja enquadrada no Simples Nacional.
A68: Submódulo 2.3 - Benefícios Mensais e Diários.
A69: 2.3 | B69: Benefícios Mensais e Diários | D69: Valor (R$)
A70: A.1 | B70: Auxílio Transporte Bruto | D70: 0
A71: A.2 | B71: (-) Dedução do Vale Transporte (até 6% do salário base, não considerados horas extras e adicionais) | D71: =D70*0.06 -> 0
A72: A.3 | B72: Auxílio Transporte Líquido ( A.1 - A.2 ) | D72: =D70-D71 -> 0
A73: B.1 | B73: Auxílio-Refeição/Alimentação Bruto | D73: 0
A74: B.2 | B74: (-) Dedução do Auxílio-Refeição (até 5% do valor do valor estipulado na CCT) | D74: =D73*0.05 -> 0
A75: B.3 | B75: Auxílio-Refeição/Alimentação Líquido ( B.1 - B.2 ) | D75: =D73-D74 -> 0
A76: C | B76: Cesta Assiduidade | D76: 0
A77: D | B77: Seguro de Vida | D77: 0
A78: E | B78: Outros | D78: 0
A79: Total | D79: =D72+D75+D76+D77 -> 0
A80: Item 2.3(A.1): Calculo do valor do vale transporte corresponde a 02 vales diários (R$ 4,50) * 21 dias trabalhados. O valor unitário do vale é igual R$ 4,50, conforme disposto no Decreto municipal 5.991/2022. Item 2.3 (B.1): Para calculo foi utilizado como referência 21 dias efetivamente trabalhado, multiplicado pelo valor unitário do vale em R$ 25,66, conforme estipulado na CCT MT000140/2026 - Clausula Décima Quinta. Item 2.3 (C): Valor utilizado conforme a CCT MT000140/2026 - Clausula Nona. Item 2.3 (D): Seguro obrigatório, conforme CCT MT000140/2026 - Clausula Décima Oitava. Para estimativa do valor foi utilizado o valor praticado de R$ 2,98 no Contrato nº 081/2025 pela Prefeitura de Lucas do Rio Verde/MT.
A82: Quadro-Resumo do Módulo 2 - Encargos e Benefícios anuais, mensais e diários
A83: 2 | B83: Encargos e Benefícios Anuais, Mensais e Diários | D83: Valor (R$)
A84: 2.1 | B84: 13º (décimo terceiro) Salário, Férias e Adicional de Férias (Submódulo 2.1) | D84: =D46 -> 0
A85: 2.2 | B85: GPS, FGTS e outras contribuições (Submódulo 2.2) | D85: =D64 -> 0
A86: 2.3 | B86: Benefícios Mensais e Diários (Submódulo 2.3) | D86: =D79 -> 0
A87: Total | D87: =SUM(D84:D86) -> 0
A89: BASE DE CÁLCULO PARA O MÓDULO 3: (Composição da remuneração + encargos) | C89: MÓDULO 1 | D89: =D29 -> 0
C90: MÓDULO 2.1 | D90: =D46 -> 0
C91: TOTAL | D91: =SUM(D89:D90) -> 0
A93: Módulo 3 - Provisão para Rescisão
A94: 3 | B94: Provisão para Rescisão | C94: Percentual (%) | D94: Valor (R$)
A95: A | B95: Aviso Prévio Indenizado | C95: =1/12*5.55% -> 0.004625 | D95: =ROUND($D$91*C95,2) -> 0
A96: B | B96: Incidência do FGTS sobre o Aviso Prévio Indenizado | C96: 0.00037 | D96: =ROUND($D$91*C96,2) -> 0
A97: C | B97: Multa do FGTS e contribuição social sobre o Aviso Prévio Indenizado | C97: =(8%*40%*5.55%) -> 0.001776 | D97: =ROUND($D$91*C97,2) -> 0
A98: D | B98: Aviso Prévio Trabalhado | C98: =(1/30*7)/12 -> 0.019444444 | D98: =ROUND($D$91*C98,2) -> 0
A99: E | B99: Incidência de GPS, FGTS e outras contribuições sobre o Aviso Prévio Trabalhado | C99: 0.0072 | D99: =ROUND($D$91*C99,2) -> 0
A100: F | B100: Multa do FGTS e contribuição social sobre o Aviso Prévio Trabalhado | C100: =((0.08*0.4)) -> 0.032 | D100: =ROUND($D$91*C100,2) -> 0
A101: Total | D101: =SUM(D95:D100) -> 0
A102: Item 3.A: 5,55% - Percentual de empregados demitidos que não trabalham durante o aviso prévio, acordão TCU nº 1.904/2007, 1/12= 1 mês não trabalhado/12 Item 3.B: 8% FGTS * 046% Aviso prévio indenizado = 0,037% Item 3.C: 8% FGTS * 40% Valor multa FGTS * 5,55% Percentual de empregados demitidos) = 0,18% Item 3.D: [( 1 (remuneração integral)/30 (dias)*7 (nº dias de aviso prévio que se ausenta)/12 (meses)] = 1,94% Item 3.E: (% total do submódulo 2.2) * ( % Item 3-D Aviso Prévio Trabalhado) Item 3.F: 8% alíquota FGTS * 40% valor multa FGTS trabalhado
A104: BASE DE CÁLCULO PARA O MÓDULO 4: MÓDULO 1 + MÓDULO 2.1 + (MÓDULO 2.3 - Aux. Transp. Liq. - Aux. Alimentação Liq.) + MÓDULO 3 | C104: MÓDULO 1 | D104: =D29 -> 0
C105: MÓDULO 2.1 | D105: =D46 -> 0
C106: MÓDULO 2.3* | D106: =D86-D72-D75 -> 0
C107: MÓDULO 3 | D107: =D101 -> 0
C108: TOTAL | D108: =SUM(D104:D107) -> 0
A110: Módulo 4 - Custo de Reposição do Profissional Ausente
A111: Submódulo 4.1 - Substituto nas Ausências Legais
A112: 4.1 | B112: Ausências Legais | C112: Percentual (%) | D112: Valor (R$)
A113: A | B113: Substituto na cobertura de Férias | C113: 0 | D113: =ROUND($D$108*C113,2) -> 0
A114: B | B114: Substituto na cobertura de Ausências Legais | C114: 0.01633 | D114: =ROUND($D$108*C114,2) -> 0
A115: C | B115: Substituto na cobertura de Licença-Paternidade | C115: 0.00020833333 | D115: =ROUND($D$108*C115,2) -> 0
A116: D | B116: Substituto na cobertura de Ausência por acidente de trabalho | C116: 0.0033333333 | D116: =ROUND($D$108*C116,2) -> 0
A117: E | B117: Substituto na cobertura de Afastamento Maternidade | C117: 0.00056 | D117: =ROUND($D$108*C117,2) -> 0
A118: F | B118: Substituto na cobertura de Outras ausências (especificar)
...

Sheet Educador Físico 40H
A1: PLANILHA DE CUSTOS E FORMAÇÃO DE PREÇOS
A2: MODELO PARA A CONSOLIDAÇÃO E APRESENTAÇÃO DE PROPOSTAS
A4: 1. DISCRIMINAÇÃO DOS SERVIÇOS (DADOS REFERENTES À CONTRATAÇÃO)
A6: A | B6: Nº do Processo | C6: 19.699/2026
A7: B | B7: Modalidade Licitação | C7: Pregão Eletrônico
A8: C | B8: Data de apresentação da proposta (dia/mês/ano): | C8: 46182
A9: D | B9: Município/UF | C9: Lucas do Rio Verde/MT
A10: E | B10: Número de meses de execução contratual: | C10: 12
A11: F | B11: Tipo de Serviço (mesmo serviço com características distintas) | C11: Serviço de Mão de Obra de Educador Físico 30H
A12: G | B12: Unidade de Medida | C12: Posto/Mês
A13: H | B13: Classificação Brasileira de Ocupações (CBO) | C13: 2241-40
A14: I | B14: Salário Normativo da Categoria Profissional 44H | C14: 0
A15: J | B15: Categoria Profissional (vinculada à execução contratual) | C15: Empregados de Empresas de Asseio e Conservação
A16: K | B16: Ano Acordo, Convenção ou Dissídio Coletivo | C16: 2026
A17: L | B17: Nº de registro do Acordo, Convenção ou Dissídio Coletivo | C17: MT000140/2026
A18: M | B18: Data-Base da Categoria (dia/mês/ano) | C18: 46023
A21: Módulo 1 - Composição da Remuneração
A23: 1 | B23: Composição da Remuneração | D23: Valor (R$)
A24: A | B24: Salário-Base | D24: 0
A25: B | B25: Adicional de Assiduidade | D25: 0
A26: Total | D26: =SUM(D24:D25) -> 0
A27: Salário-Base: Considerando que o cargo não está inserido em uma faixa específica na CCT MT 000140/2026, foi utilizado como salário base o salário médio praticado da categoria no Estado de Mato Grosso, conforme pesquisa de preços realizada no sítio eletrônico especializado “www.salario.com.br” que extrai informações oficiais do CAGED.
A29: Módulo 2 - Encargos e Benefícios Anuais, Mensais e Diários
A31: BASE DE CÁLCULO PARA O MÓDULO 2.1: | C31: MÓDULO 1 | D31: =D26 -> 0
C32: TOTAL | D32: =SUM(D31) -> 0
A34: Submódulo 2.1 - 13º (décimo terceiro) Salário, Férias e Adicional de Férias
A36: 2.1 | B36: 13º (décimo terceiro) Salário, Férias e Adicional de Férias | C36: Percentual (%) | D36: Valor (R$)
A37: A | B37: 13º (décimo terceiro) Salário | C37: 0.08333 | D37: =ROUND($D$32*C37,2) -> 0
A38: B | B38: Férias | C38: 0.08333 | D38: =ROUND($D$32*C38,2) -> 0
A39: C | B39: Adicional de Férias | C39: 0.027778 | D39: =ROUND($D$32*C39,2) -> 0
A40: Total | D40: =SUM(D37:D39) -> 0
A41: Para cálculos do itens 2.1 (A.B): Calculo mensal representando 12 meses, logo, 1/12 (um doze avos), (100%/12)=8,333% (100% remuneração/12 meses) Para cálculo do item 2.1.C: O adicional de férias corresponde a 1/3 da remuneração mensal, logo, 100%/3/12=2,7778%
A43: BASE DE CÁLCULO PARA O MÓDULO 2.2: | C43: MÓDULO 1 | D43: =D26 -> 0
C44: MÓDULO 2.1 | D44: =D40 -> 0
C45: TOTAL | D45: =SUM(D43:D44) -> 0
A47: Submódulo 2.2 - Encargos Previdenciários (GPS), Fundo de Garantia por Tempo de Serviço (FGTS) e outras contribuições.
A49: 2.2 | B49: GPS, FGTS e outras contribuições | C49: Percentual (%) | D49: Valor (R$)
A50: A | B50: INSS | C50: 0.2 | D50: =D45*C50 -> 0
A51: B | B51: Salário Educação | C51: 0.025 | D51: =D45*C51 -> 0
A52: C | B52: RAT X FAP (Riscos ambientais no trabalho x Fator acidentário de prevenção) | C52: 0.06 | D52: =D45*C52 -> 0
A53: D | B53: SESC ou SESI | C53: 0.015 | D53: =D45*C53 -> 0
A54: E | B54: SENAI - SENAC | C54: 0.01 | D54: =D45*C54 -> 0
A55: F | B55: SEBRAE | C55: 0.006 | D55: =D45*C55 -> 0
A56: G | B56: INCRA | C56: 0.002 | D56: =D45*C56 -> 0
A57: H | B57: FGTS | C57: 0.08 | D57: =D45*C57 -> 0
A58: Total | C58: =SUM(C50:C57) -> 0.398 | D58: =SUM(D50:D57) -> 0
A59: Nota Explicativa: Módulo de preenchimento conforme regime de enquadramento da empresa.
A60: Nos módulos preenchidos foram considerados os maiores índices percentuais e considerando que a empresa não esteja enquadrada no Simples Nacional.
A62: Submódulo 2.3 - Benefícios Mensais e Diários.
A63: 2.3 | B63: Benefícios Mensais e Diários | D63: Valor (R$)
A64: A.1 | B64: Auxílio Transporte Bruto | D64: 0
A65: A.2 | B65: (-) Dedução do Vale Transporte (até 6% do salário base, não considerados horas extras e adicionais) | D65: =D64*0.06 -> 0
A66: A.3 | B66: Auxílio Transporte Líquido ( A.1 - A.2 ) | D66: =D64-D65 -> 0
A67: B.1 | B67: Auxílio-Refeição/Alimentação Bruto | D67: 0
A68: B.2 | B68: (-) Dedução do Auxílio-Refeição (até 5% do valor do vale estipulado na CCT não considerados horas extras e adicionais) | D68: =D67*0.05 -> 0
A69: B.3 | B69: Auxílio-Refeição/Alimentação Líquido ( B.1 - B.2 ) | D69: =D67-D68 -> 0
A70: C | B70: Cesta Assiduidade | D70: 0
A71: D | B71: Seguro de Vida | D71: 0
A72: E | B72: Outros
A73: Total | D73: =D66+D69+D70+D71 -> 0
A74: Item 2.3(A.1): Calculo do valor do vale transporte corresponde a 02 vales diários (R$ 4,50) * 21 dias trabalhados. O valor unitário do vale é igual R$ 4,50, conforme disposto no Decreto municipal 5.991/2022. Item 2.3 (B.1): Para calculo foi utilizado como referência 21 dias efetivamente trabalhado, multiplicado pelo valor unitário do vale em R$ 25,66, conforme estipulado na CCT MT000140/2026 - Clausula Décima Quinta. Item 2.3 (C): Valor utilizado conforme a CCT MT000140/2026 - Clausula Nona. Item 2.3 (D): Seguro obrigatório, conforme CCT MT000140/2026 - Clausula Décima Oitava. Para estimativa do valor foi utilizado o valor praticado de R$ 2,98 no Contrato nº 081/2025 pela Prefeitura de Lucas do Rio Verde/MT.
A76: Quadro-Resumo do Módulo 2 - Encargos e Benefícios anuais, mensais e diários
A77: 2 | B77: Encargos e Benefícios Anuais, Mensais e Diários | D77: Valor (R$)
A78: 2.1 | B78: 13º (décimo terceiro) Salário, Férias e Adicional de Férias (Submódulo 2.1) | D78: =D40 -> 0
A79: 2.2 | B79: GPS, FGTS e outras contribuições (Submódulo 2.2) | D79: =D58 -> 0
A80: 2.3 | B80: Benefícios Mensais e Diários (Submódulo 2.3) | D80: =D73 -> 0
A81: Total | D81: =SUM(D78:D80) -> 0
A83: BASE DE CÁLCULO PARA O MÓDULO 3: (Composição da remuneração + encargos) | C83: MÓDULO 1 | D83: =D26 -> 0
C84: MÓDULO 2.1 | D84: =D40 -> 0
C85: TOTAL | D85: =SUM(D83:D84) -> 0
A87: Módulo 3 - Provisão para Rescisão
A88: 3 | B88: Provisão para Rescisão | C88: Percentual (%) | D88: Valor (R$)
A89: A | B89: Aviso Prévio Indenizado | C89: =1/12*5.55% -> 0.004625 | D89: =ROUND($D$85*C89,2) -> 0
A90: B | B90: Incidência do FGTS sobre o Aviso Prévio Indenizado | C90: 0.00037 | D90: =ROUND($D$85*C90,2) -> 0
A91: C | B91: Multa do FGTS e contribuição social sobre o Aviso Prévio Indenizado | C91: =(8%*40%*5.55%) -> 0.001776 | D91: =ROUND($D$85*C91,2) -> 0
A92: D | B92: Aviso Prévio Trabalhado | C92: =(1/30*7)/12 -> 0.019444444 | D92: =ROUND($D$85*C92,2) -> 0
A93: E | B93: Incidência de GPS, FGTS e outras contribuições sobre o Aviso Prévio Trabalhado | C93: 0.0072 | D93: =ROUND($D$85*C93,2) -> 0
A94: F | B94: Multa do FGTS e contribuição social sobre o Aviso Prévio Trabalhado | C94: =((0.08*0.4)) -> 0.032 | D94: =ROUND($D$85*C94,2) -> 0
A95: Total | D95: =SUM(D89:D94) -> 0
A96: Item 3.A: 5,55% - Percentual de empregados demitidos que não trabalham durante o aviso prévio, acordão TCU nº 1.904/2007, 1/12= 1 mês não trabalhado/12 Item 3.B: 8% FGTS * 046% Aviso prévio indenizado = 0,037% Item 3.C: 8% FGTS * 40% Valor multa FGTS * 5,55% Percentual de empregados demitidos) = 0,18% Item 3.D: [( 1 (remuneração integral)/30 (dias)*7 (nº dias de aviso prévio que se ausenta)/12 (meses)] = 1,94% Item 3.E: (% total do submódulo 2.2) * ( % Item 3-D Aviso Prévio Trabalhado) Item 3.F: 8% alíquota FGTS * 40% valor multa FGTS trabalhado
A98: BASE DE CÁLCULO PARA O MÓDULO 4: MÓDULO 1 + MÓDULO 2.1 + (MÓDULO 2.3 - Aux. Transp. Liq. - Aux. Alimentação Liq.) + MÓDULO 3 | C98: MÓDULO 1 | D98: =D26 -> 0
C99: MÓDULO 2.1 | D99: =D40 -> 0
C100: MÓDULO 2.3* | D100: =D80-D66-D69 -> 0
C101: MÓDULO 3 | D101: =D95 -> 0
C102: TOTAL | D102: =SUM(D98:D101) -> 0
A104: Módulo 4 - Custo de Reposição do Profissional Ausente
A105: Submódulo 4.1 - Substituto nas Ausências Legais
A106: 4.1 | B106: Ausências Legais | C106: Percentual (%) | D106: Valor (R$)
A107: A | B107: Substituto na cobertura de Férias | C107: 0 | D107: =ROUND($D$102*C107,2) -> 0
A108: B | B108: Substituto na cobertura de Ausências Legais | C108: 0.01633 | D108: =ROUND($D$102*C108,2) -> 0
A109: C | B109: Substituto na cobertura de Licença-Paternidade | C109: 0.00020833333 | D109: =ROUND($D$102*C109,2) -> 0
A110: D | B110: Substituto na cobertura de Ausência por acidente de trabalho | C110: 0.0033333333 | D110: =ROUND($D$102*C110,2) -> 0
A111: E | B111: Substituto na cobertura de Afastamento Maternidade | C111: 0.00056 | D111: =ROUND($D$102*C111,2) -> 0
A112: F | B112: Substituto na cobertura de Outras ausências (especificar)
A113: Total | C113: =SUM(C107:C112) -> 0.020431667 | D113: =SUM(D107:D112) -> 0
A114: Item 4.1.B: (5,96 média de dias ausentes IBGE/365 dias ano) = 1,63% Item 4.1.C: [(5 dias licença paternidade/30 dias)/12 meses]*0,015 média de trabalhadores que são pais durante o ano IBGE = 0,02% Item 4.1.D: [(15 numero de dias que o empregado repousa)/30 dias mes)/12 meses]*8% média trabalhadores que sofrem acidente/ano IBGE= 0,33% Item 4.1.E: [ 0,02 indice de ocorrencia IBGE (4 meses de licença maternidade) /12 meses]= 0,056%
A116: Submódulo 4.2 - Incidências sobre o Substituto nas Ausências Legais
A118: 4.2 | B118: Incidência do Submódulo 2.2 sobre o Substituto nas Ausências Legais | C118: Percentual (%) | D118: Valor (R$)
A119: A | B119: Incidência do Submódulo 2.2 sobre o Substituto nas Ausências Legais | C119: 0.00752 | D119: =ROUND(C119*D102,2) -> 0
A120: Total | D120: =D119 -> 0
...

Sheet Motorista sanitario 44H
A1: PLANILHA DE CUSTOS E FORMAÇÃO DE PREÇOS
A2: MODELO PARA A CONSOLIDAÇÃO E APRESENTAÇÃO DE PROPOSTAS
A4: 1. DISCRIMINAÇÃO DOS SERVIÇOS (DADOS REFERENTES À CONTRATAÇÃO)
A6: A | B6: Nº do Processo | C6: 19.699/2026
A7: B | B7: Modalidade Licitação | C7: Pregão Eletrônico
A8: C | B8: Data de apresentação da proposta (dia/mês/ano): | C8: 46179
A9: D | B9: Município/UF | C9: Lucas do Rio Verde/MT | K9: horas noturnas
A10: E | B10: Número de meses de execução contratual: | C10: 12
A11: F | B11: Tipo de Serviço (mesmo serviço com características distintas) | C11: Serviço de Mão de Obra de Motorista Transporte Sanitário 44H | J11: Mínimo | K11: 180h = 15 plantões | L11: =15*7 -> 105
A12: G | B12: Unidade de Medida | C12: Posto/Mês | J12: media | K12: 192h=16 plantões | L12: =16*7 -> 112
A13: H | B13: Classificação Brasileira de Ocupações (CBO) | C13: 7823-20 | J13: máximo | K13: 204h=17 plantões | L13: =17*7 -> 119
A14: I | B14: Salário Normativo da Categoria Profissional 44H | C14: 0
A15: J | B15: Categoria Profissional (vinculada à execução contratual) | C15: Empregados de Empresas de Asseio e Conservação
A16: K | B16: Ano Acordo, Convenção ou Dissídio Coletivo | C16: 2026
A17: L | B17: Nº de registro do Acordo, Convenção ou Dissídio Coletivo | C17: MT000140/2026
A18: M | B18: Data-Base da Categoria (dia/mês/ano) | C18: 46023
A21: Módulo 1 - Composição da Remuneração | F21: Salário normativo
F22: =C14 -> 0
A23: 1 | B23: Composição da Remuneração | D23: Valor (R$) | G23: 180 | H23: normal é 180h mensal
A24: A | B24: Salário-Base | D24: 0 | F24: =C14/220 -> 0 | G24: =F24*G23 -> 0 | H24: base proporcional
A25: B | B25: Adicional de Assiduidade | D25: 0
A26: C | B26: Adicional Insalubridade | C26: 0.4 | D26: =D24*C26 -> 0 | F26: =(D24+D26+#ref!)/180 -> #NAME?
A27: D | B27: Horas Extras 50% (Máximo 50 horas/mês) | D27: =((D24+D26)/200*1.5*50) -> 0
A28: E | B28: Horas Extras 100% (Máximo 30 horas/mês) | D28: =((D24+D26)/200*2*30) -> 0
A29: Total | D29: =SUM(D24:D28) -> 0
A30: Salário-Base: Considerando que o cargo não está inserido em uma faixa específica na CCT MT 000140/2026, foi utilizado como salário base o piso salarial da categoria de R$ 2.770,00, praticado no Estado de Mato Grosso, conforme pesquisa de preços realizada no sítio eletrônico especializado “www.salario.com.br” que extrai informações oficiais do CAGED.
A31: Para base de cálculos do item 1 (C ) foi considerado o adicional de insalubridade em seu grau máximo, correspondente a 40%, no entanto, o adicional será pago conforme grau de insalubridade apresentado em laudo técnico.
A32: Para cálculos do item 1(D) Será permitido a realização de 50 horas extras no mês, mediante autorização prévia. O valor da hora de referência foi estabelecido da seguinte forma: ((Salário base+insalubridade/carga horária 200h) * adicional 50% * quantidade máxima de 50 horas).
A33: Para cálculos do item 1(E) Será permitido a realização de 30 horas extras no mês, mediante autorização prévia. O valor da hora de referência foi estabelecido da seguinte forma: ((Salário base+insalubridade/carga horária 200h) * adicional 100% * quantidade máxima de 30 horas).
A35: Módulo 2 - Encargos e Benefícios Anuais, Mensais e Diários
A37: BASE DE CÁLCULO PARA O MÓDULO 2.1: | C37: MÓDULO 1 | D37: =D29 -> 0
C38: TOTAL | D38: =SUM(D37) -> 0
A40: Submódulo 2.1 - 13º (décimo terceiro) Salário, Férias e Adicional de Férias
A42: 2.1 | B42: 13º (décimo terceiro) Salário, Férias e Adicional de Férias | C42: Percentual (%) | D42: Valor (R$)
A43: A | B43: 13º (décimo terceiro) Salário | C43: 0.08333 | D43: =ROUND($D$38*C43,2) -> 0
A44: B | B44: Férias | C44: 0.08333 | D44: =ROUND($D$38*C44,2) -> 0
A45: C | B45: Adicional de Férias | C45: 0.027778 | D45: =ROUND($D$38*C45,2) -> 0
A46: Total | D46: =SUM(D43:D45) -> 0
A47: Para cálculos do itens 2.1 (A.B): Calculo mensal representando 12 meses, logo, 1/12 (um doze avos), (100%/12)=8,333% (100% remuneração/12 meses) Para cálculo do item 2.1.C: O adicional de férias corresponde a 1/3 da remuneração mensal, logo, 100%/3/12=2,7778%
A49: BASE DE CÁLCULO PARA O MÓDULO 2.2: | C49: MÓDULO 1 | D49: =D29 -> 0
C50: MÓDULO 2.1 | D50: =D46 -> 0
C51: TOTAL | D51: =SUM(D49:D50) -> 0
A53: Submódulo 2.2 - Encargos Previdenciários (GPS), Fundo de Garantia por Tempo de Serviço (FGTS) e outras contribuições.
A55: 2.2 | B55: GPS, FGTS e outras contribuições | C55: Percentual (%) | D55: Valor (R$)
A56: A | B56: INSS | C56: 0.2 | D56: =D51*C56 -> 0
A57: B | B57: Salário Educação | C57: 0.025 | D57: =D51*C57 -> 0
A58: C | B58: RAT X FAP (Riscos ambientais no trabalho x Fator acidentário de prevenção) | C58: 0.06 | D58: =D51*C58 -> 0
A59: D | B59: SESC ou SESI | C59: 0.015 | D59: =D51*C59 -> 0
A60: E | B60: SENAI - SENAC | C60: 0.01 | D60: =D51*C60 -> 0
A61: F | B61: SEBRAE | C61: 0.006 | D61: =D51*C61 -> 0
A62: G | B62: INCRA | C62: 0.002 | D62: =D51*C62 -> 0
A63: H | B63: FGTS | C63: 0.08 | D63: =D51*C63 -> 0
A64: Total | C64: =SUM(C56:C63) -> 0.398 | D64: =SUM(D56:D63) -> 0
A65: Nota Explicativa: Módulo de preenchimento conforme regime de enquadramento da empresa.
A66: Nos módulos preenchidos foram considerados os maiores índices percentuais e considerando que a empresa não esteja enquadrada no Simples Nacional.
A68: Submódulo 2.3 - Benefícios Mensais e Diários.
A69: 2.3 | B69: Benefícios Mensais e Diários | D69: Valor (R$)
A70: A.1 | B70: Auxílio Transporte Bruto | D70: 0
A71: A.2 | B71: (-) Dedução do Vale Transporte (até 6% do salário base, não considerados horas extras e adicionais) | D71: =D70*0.06 -> 0
A72: A.3 | B72: Auxílio Transporte Líquido ( A.1 - A.2 ) | D72: =D70-D71 -> 0
A73: B.1 | B73: Auxílio-Refeição/Alimentação Bruto | D73: 0
A74: B.2 | B74: (-) Dedução do Auxílio-Refeição (até 5% do valor do vale estipulado na CCT não considerados horas extras e adicionais) | D74: =D73*0.05 -> 0
A75: B.3 | B75: Auxílio-Refeição/Alimentação Líquido ( B.1 - B.2 ) | D75: =D73-D74 -> 0
A76: C | B76: Cesta Assiduidade | D76: 0
A77: D | B77: Seguro de Vida | D77: 0
A78: E | B78: Outros
A79: Total | D79: =D72+D75+D76+D77 -> 0
A80: Item 2.3(A.1): Calculo do valor do vale transporte corresponde a 02 vales diários (R$ 4,50) * 24 dias trabalhados. O valor unitário do vale é igual R$ 4,50, conforme disposto no Decreto municipal 5.991/2022. Item 2.3 (B.1): Para calculo foi utilizado como referência 24 dias efetivamente trabalhado, multiplicado pelo valor unitário do vale em R$ 25,66, conforme estipulado na CCT MT000140/2026 - Clausula Décima Quinta. Item 2.3 (C): Valor utilizado conforme a CCT MT000140/2026 - Clausula Nona. Item 2.3 (D): Seguro obrigatório, conforme CCT MT000140/2026 - Clausula Décima Oitava. Para estimativa do valor foi utilizado o valor praticado de R$ 2,98 no Contrato nº 081/2025 pela Prefeitura de Lucas do Rio Verde/MT.
A82: Quadro-Resumo do Módulo 2 - Encargos e Benefícios anuais, mensais e diários
A83: 2 | B83: Encargos e Benefícios Anuais, Mensais e Diários | D83: Valor (R$)
A84: 2.1 | B84: 13º (décimo terceiro) Salário, Férias e Adicional de Férias (Submódulo 2.1) | D84: =D46 -> 0
A85: 2.2 | B85: GPS, FGTS e outras contribuições (Submódulo 2.2) | D85: =D64 -> 0
A86: 2.3 | B86: Benefícios Mensais e Diários (Submódulo 2.3) | D86: =D79 -> 0
A87: Total | D87: =SUM(D84:D86) -> 0
A89: BASE DE CÁLCULO PARA O MÓDULO 3: (Composição da remuneração + encargos) | C89: MÓDULO 1 | D89: =D29 -> 0
C90: MÓDULO 2.1 | D90: =D46 -> 0
C91: TOTAL | D91: =SUM(D89:D90) -> 0
A93: Módulo 3 - Provisão para Rescisão
A94: 3 | B94: Provisão para Rescisão | C94: Percentual (%) | D94: Valor (R$)
A95: A | B95: Aviso Prévio Indenizado | C95: =1/12*5.55% -> 0.004625 | D95: =ROUND($D$91*C95,2) -> 0
A96: B | B96: Incidência do FGTS sobre o Aviso Prévio Indenizado | C96: 0.00037 | D96: =ROUND($D$91*C96,2) -> 0
A97: C | B97: Multa do FGTS e contribuição social sobre o Aviso Prévio Indenizado | C97: =(8%*40%*5.55%) -> 0.001776 | D97: =ROUND($D$91*C97,2) -> 0
A98: D | B98: Aviso Prévio Trabalhado | C98: =(1/30*7)/12 -> 0.019444444 | D98: =ROUND($D$91*C98,2) -> 0
A99: E | B99: Incidência de GPS, FGTS e outras contribuições sobre o Aviso Prévio Trabalhado | C99: 0.0072 | D99: =ROUND($D$91*C99,2) -> 0
A100: F | B100: Multa do FGTS e contribuição social sobre o Aviso Prévio Trabalhado | C100: =((0.08*0.4)) -> 0.032 | D100: =ROUND($D$91*C100,2) -> 0
A101: Total | D101: =SUM(D95:D100) -> 0
A102: Item 3.A: 5,55% - Percentual de empregados demitidos que não trabalham durante o aviso prévio, acordão TCU nº 1.904/2007, 1/12= 1 mês não trabalhado/12 Item 3.B: 8% FGTS * 046% Aviso prévio indenizado = 0,037% Item 3.C: 8% FGTS * 40% Valor multa FGTS * 5,55% Percentual de empregados demitidos) = 0,18% Item 3.D: [( 1 (remuneração integral)/30 (dias)*7 (nº dias de aviso prévio que se ausenta)/12 (meses)] = 1,94% Item 3.E: (% total do submódulo 2.2) * ( % Item 3-D Aviso Prévio Trabalhado) Item 3.F: 8% alíquota FGTS * 40% valor multa FGTS trabalhado
A104: BASE DE CÁLCULO PARA O MÓDULO 4: MÓDULO 1 + MÓDULO 2.1 + (MÓDULO 2.3 - Aux. Transp. Liq. - Aux. Alimentação Liq.) + MÓDULO 3 | C104: MÓDULO 1 | D104: =D29 -> 0
C105: MÓDULO 2.1 | D105: =D46 -> 0
C106: MÓDULO 2.3* | D106: =D86-D72-D75 -> 0
C107: MÓDULO 3 | D107: =D101 -> 0
C108: TOTAL | D108: =SUM(D104:D107) -> 0
A110: Módulo 4 - Custo de Reposição do Profissional Ausente
A111: Submódulo 4.1 - Substituto nas Ausências Legais
A112: 4.1 | B112: Ausências Legais | C112: Percentual (%) | D112: Valor (R$)
A113: A | B113: Substituto na cobertura de Férias | C113: 0 | D113: =ROUND($D$108*C113,2) -> 0
A114: B | B114: Substituto na cobertura de Ausências Legais | C114: 0.01633 | D114: =ROUND($D$108*C114,2) -> 0
A115: C | B115: Substituto na cobertura de Licença-Paternidade | C115: 0.00020833333 | D115: =ROUND($D$108*C115,2) -> 0
A116: D | B116: Substituto na cobertura de Ausência por acidente de trabalho | C116: 0.0033333333 | D116: =ROUND($D$108*C116,2) -> 0
A117: E | B117: Substituto na cobertura de Afastamento Maternidade | C117: 0.00056 | D117: =ROUND($D$108*C117,2) -> 0
...

Sheet Motorista sanitario 36H Noturno
A1: PLANILHA DE CUSTOS E FORMAÇÃO DE PREÇOS
A2: MODELO PARA A CONSOLIDAÇÃO E APRESENTAÇÃO DE PROPOSTAS
A4: 1. DISCRIMINAÇÃO DOS SERVIÇOS (DADOS REFERENTES À CONTRATAÇÃO)
A6: A | B6: Nº do Processo | C6: 19.699/2026
A7: B | B7: Modalidade Licitação | C7: Pregão Eletrônico
A8: C | B8: Data de apresentação da proposta (dia/mês/ano): | C8: 46179
A9: D | B9: Município/UF | C9: Lucas do Rio Verde/MT | K9: horas noturnas
A10: E | B10: Número de meses de execução contratual: | C10: 12
A11: F | B11: Tipo de Serviço (mesmo serviço com características distintas) | C11: Serviço de Mão de Obra de Motorista Transporte Sanitário 36H Noturno | J11: Mínimo | K11: 180h = 15 plantões | L11: =21*2 -> 42
A12: G | B12: Unidade de Medida | C12: Posto/Mês | J12: media | K12: 192h=16 plantões | L12: =16*7 -> 112
A13: H | B13: Classificação Brasileira de Ocupações (CBO) | C13: 7823-20 | J13: máximo | K13: 204h=17 plantões | L13: =17*7 -> 119
A14: I | B14: Salário Normativo da Categoria Profissional 44H | C14: 0
A15: J | B15: Categoria Profissional (vinculada à execução contratual) | C15: Empregados de Empresas de Asseio e Conservação
A16: K | B16: Ano Acordo, Convenção ou Dissídio Coletivo | C16: 2026
A17: L | B17: Nº de registro do Acordo, Convenção ou Dissídio Coletivo | C17: MT000140/2026 | K17: horas noturnas
A18: M | B18: Data-Base da Categoria (dia/mês/ano) | C18: 46023
J19: Mínimo | K19: 180h = 2h por dia x 24 dia | L19: 42
A21: Módulo 1 - Composição da Remuneração | F21: Salário normativo
F22: =C14 -> 0
A23: 1 | B23: Composição da Remuneração | D23: Valor (R$) | G23: 180 | H23: normal é 180h mensal
A24: A | B24: Salário-Base | D24: 0 | F24: =C14/220 -> 0 | G24: =F24*G23 -> 0 | H24: base proporcional
A25: B | B25: Adicional de Assiduidade | D25: 0
A26: C | B26: Adicional Insalubridade | C26: 0.4 | D26: 0 | F26: =(D24+D26+#ref!)/180 -> #NAME?
A27: D | B27: Adicional Noturno | C27: 0.2 | D27: =((D24+D26)/180)*0.2*2*24 -> 0
A28: E | B28: Adicional Hora Noturna reduzida | D28: =((D24+D26)/180)*1.2*0.285714*24 -> 0
A29: F | B29: Horas Extras 50% (Máximo 50 horas/mês) | D29: =((D24+D26)/180*1.5*50) -> 0
A30: G | B30: Horas Extras 100% (Máximo 30 horas/mês) | D30: =((D24+D26)/180*2*30) -> 0
A31: Total | D31: =SUM(D24:D30) -> 0
A32: Salário-Base: Considerando que o cargo não está inserido em uma faixa específica na CCT MT 000140/2026, foi utilizado como salário base o piso salarial da categoria de R$ 2.770,00 (carga horaria 44H), praticado no Estado de Mato Grosso, conforme pesquisa de preços realizada no sítio eletrônico especializado “www.salario.com.br” que extrai informações oficiais do CAGED. O valor do salário base para carga horária de 36 horas semanais, foi estabelecido da seguinte forma: ((Salário base referência 44h/220)*180 horas)).
A33: O posto será para atuação no Pronto Atendimento Municipal, sendo necessário a realização de 6 (seis) horas de trabalho diário e 6 (seis) vezes na semana, resultando em uma carga horária semanal de 36 horas e carga horária mensal mínima de 180 horas.
A34: Para base de cálculos do item 1 (C ) foi considerado o adicional de insalubridade em seu grau máximo, correspondente a 40% do salário mínimo vigente, no entanto, o adicional será pago conforme grau de insalubridade apresentado em laudo técnico.
A35: Para cálculos do item 1(D) foi considerado o trabalho de 2 horas noturnas por dia e considerado que o profissional irá trabalhar 24 dias no mês. Para o valor da hora de referência foi considerado o salário base + insalubridade e carga horária de 180h, sendo R$ 2.266,36/180 = R$ 12,59 valor da hora normal para fins de cálculo do adicional noturno e aplicado o adicional de 20% sobre as horas trabalhadas. Foi utilizado a seguinte fórmula: =((SalárioBase+SalárioMínimo*40%)/180)*20%*2*24.
A36: Para cálculos do item 1 (E) foi considerado o fator de redução na hora noturna trabalhada, sendo que a cada 60 minutos trabalhados, é computado 52 minutos e 30 segundos. Foi aplicado s seguinte formular para definir o fator de redução diário das horas noturnas (60/52,5-1=0,142857). Para estabelecer o valor do adicional hora noturna reduzida, foi utilizado a seguinte fórmula: ((salário base+insalubridade/180) x quantidade de hora noturna adicional) x 120%) x 0,142857 x quantidade de dias trabalhados.
A37: Para cálculos do item 1(F) Será permitido a realização de 50 horas extras no mês, mediante autorização prévia. O valor da hora de referência foi estabelecido da seguinte forma: =((saláriobase+(salário mínimo*insalubridade))/180)*1,5*quantidade horas extras.
A38: Para cálculos do item 1(G) Será permitido a realização de 50 horas extras no mês, mediante autorização prévia. O valor da hora de referência foi estabelecido da seguinte forma: =((saláriobase+(salário mínimo*insalubridade))/180)*2*quantidade horas extras.
A39: O valor do adicional noturno e adicional hora noturna reduzida será pago sobre o valor da hora efetivamente trabalhada.
A41: Módulo 2 - Encargos e Benefícios Anuais, Mensais e Diários
A43: BASE DE CÁLCULO PARA O MÓDULO 2.1: | C43: MÓDULO 1 | D43: =D31 -> 0
C44: TOTAL | D44: =SUM(D43) -> 0
A46: Submódulo 2.1 - 13º (décimo terceiro) Salário, Férias e Adicional de Férias
A48: 2.1 | B48: 13º (décimo terceiro) Salário, Férias e Adicional de Férias | C48: Percentual (%) | D48: Valor (R$)
A49: A | B49: 13º (décimo terceiro) Salário | C49: 0.08333 | D49: =ROUND($D$44*C49,2) -> 0
A50: B | B50: Férias | C50: 0.08333 | D50: =ROUND($D$44*C50,2) -> 0
A51: C | B51: Adicional de Férias | C51: 0.027778 | D51: =ROUND($D$44*C51,2) -> 0
A52: Total | D52: =SUM(D49:D51) -> 0
A53: Para cálculos do itens 2.1 (A.B): Calculo mensal representando 12 meses, logo, 1/12 (um doze avos), (100%/12)=8,333% (100% remuneração/12 meses) Para cálculo do item 2.1.C: O adicional de férias corresponde a 1/3 da remuneração mensal, logo, 100%/3/12=2,7778%
A55: BASE DE CÁLCULO PARA O MÓDULO 2.2: | C55: MÓDULO 1 | D55: =D31 -> 0
C56: MÓDULO 2.1 | D56: =D52 -> 0
C57: TOTAL | D57: =SUM(D55:D56) -> 0
A59: Submódulo 2.2 - Encargos Previdenciários (GPS), Fundo de Garantia por Tempo de Serviço (FGTS) e outras contribuições.
A61: 2.2 | B61: GPS, FGTS e outras contribuições | C61: Percentual (%) | D61: Valor (R$)
A62: A | B62: INSS | C62: 0.2 | D62: =D57*C62 -> 0
A63: B | B63: Salário Educação | C63: 0.025 | D63: =D57*C63 -> 0
A64: C | B64: RAT X FAP (Riscos ambientais no trabalho x Fator acidentário de prevenção) | C64: 0.06 | D64: =D57*C64 -> 0
A65: D | B65: SESC ou SESI | C65: 0.015 | D65: =D57*C65 -> 0
A66: E | B66: SENAI - SENAC | C66: 0.01 | D66: =D57*C66 -> 0
A67: F | B67: SEBRAE | C67: 0.006 | D67: =D57*C67 -> 0
A68: G | B68: INCRA | C68: 0.002 | D68: =D57*C68 -> 0
A69: H | B69: FGTS | C69: 0.08 | D69: =D57*C69 -> 0
A70: Total | C70: =SUM(C62:C69) -> 0.398 | D70: =SUM(D62:D69) -> 0
A71: Nota Explicativa: Módulo de preenchimento conforme regime de enquadramento da empresa.
A72: Nos módulos preenchidos foram considerados os maiores índices percentuais e considerando que a empresa não esteja enquadrada no Simples Nacional.
A74: Submódulo 2.3 - Benefícios Mensais e Diários.
A75: 2.3 | B75: Benefícios Mensais e Diários | D75: Valor (R$)
A76: A.1 | B76: Auxílio Transporte Bruto | D76: 0
A77: A.2 | B77: (-) Dedução do Vale Transporte (até 6% do salário base, não considerados horas extras e adicionais) | D77: =D76*0.06 -> 0
A78: A.3 | B78: Auxílio Transporte Líquido ( A.1 - A.2 ) | D78: =D76-D77 -> 0
A79: B.1 | B79: Auxílio-Refeição/Alimentação Bruto | D79: 0
A80: B.2 | B80: (-) Dedução do Auxílio-Refeição (até 5% do valor do vale estipulado na CCT não considerados horas extras e adicionais) | D80: =D79*0.05 -> 0
A81: B.3 | B81: Auxílio-Refeição/Alimentação Líquido ( B.1 - B.2 ) | D81: =D79-D80 -> 0
A82: C | B82: Cesta Assiduidade | D82: 0
A83: D | B83: Seguro de Vida | D83: 0
A84: E | B84: Outros
A85: Total | D85: =D78+D81+D82+D83 -> 0
A86: Item 2.3(A.1): Calculo do valor do vale transporte corresponde a 02 vales diários (R$ 4,50) * 24 dias trabalhados. O valor unitário do vale é igual R$ 4,50, conforme disposto no Decreto municipal 5.991/2022. Item 2.3 (B.1): Para calculo foi utilizado como referência 24 dias efetivamente trabalhado, multiplicado pelo valor unitário do vale em R$ 25,66, conforme estipulado na CCT MT000140/2026 - Clausula Décima Quinta. Item 2.3 (C): Valor utilizado conforme a CCT MT000140/2026 - Clausula Nona. Item 2.3 (D): Seguro obrigatório, conforme CCT MT000140/2026 - Clausula Décima Oitava. Para estimativa do valor foi utilizado o valor praticado de R$ 2,98 no Contrato nº 081/2025 pela Prefeitura de Lucas do Rio Verde/MT.
A88: Quadro-Resumo do Módulo 2 - Encargos e Benefícios anuais, mensais e diários
A89: 2 | B89: Encargos e Benefícios Anuais, Mensais e Diários | D89: Valor (R$)
A90: 2.1 | B90: 13º (décimo terceiro) Salário, Férias e Adicional de Férias (Submódulo 2.1) | D90: =D52 -> 0
A91: 2.2 | B91: GPS, FGTS e outras contribuições (Submódulo 2.2) | D91: =D70 -> 0
A92: 2.3 | B92: Benefícios Mensais e Diários (Submódulo 2.3) | D92: =D85 -> 0
A93: Total | D93: =SUM(D90:D92) -> 0
A95: BASE DE CÁLCULO PARA O MÓDULO 3: (Composição da remuneração + encargos) | C95: MÓDULO 1 | D95: =D31 -> 0
C96: MÓDULO 2.1 | D96: =D52 -> 0
C97: TOTAL | D97: =SUM(D95:D96) -> 0
A99: Módulo 3 - Provisão para Rescisão
A100: 3 | B100: Provisão para Rescisão | C100: Percentual (%) | D100: Valor (R$)
A101: A | B101: Aviso Prévio Indenizado | C101: =1/12*5.55% -> 0.004625 | D101: =ROUND($D$97*C101,2) -> 0
A102: B | B102: Incidência do FGTS sobre o Aviso Prévio Indenizado | C102: 0.00037 | D102: =ROUND($D$97*C102,2) -> 0
A103: C | B103: Multa do FGTS e contribuição social sobre o Aviso Prévio Indenizado | C103: =(8%*40%*5.55%) -> 0.001776 | D103: =ROUND($D$97*C103,2) -> 0
A104: D | B104: Aviso Prévio Trabalhado | C104: =(1/30*7)/12 -> 0.019444444 | D104: =ROUND($D$97*C104,2) -> 0
A105: E | B105: Incidência de GPS, FGTS e outras contribuições sobre o Aviso Prévio Trabalhado | C105: 0.0072 | D105: =ROUND($D$97*C105,2) -> 0
A106: F | B106: Multa do FGTS e contribuição social sobre o Aviso Prévio Trabalhado | C106: =((0.08*0.4)) -> 0.032 | D106: =ROUND($D$97*C106,2) -> 0
A107: Total | D107: =SUM(D101:D106) -> 0
A108: Item 3.A: 5,55% - Percentual de empregados demitidos que não trabalham durante o aviso prévio, acordão TCU nº 1.904/2007, 1/12= 1 mês não trabalhado/12 Item 3.B: 8% FGTS * 046% Aviso prévio indenizado = 0,037% Item 3.C: 8% FGTS * 40% Valor multa FGTS * 5,55% Percentual de empregados demitidos) = 0,18% Item 3.D: [( 1 (remuneração integral)/30 (dias)*7 (nº dias de aviso prévio que se ausenta)/12 (meses)] = 1,94% Item 3.E: (% total do submódulo 2.2) * ( % Item 3-D Aviso Prévio Trabalhado) Item 3.F: 8% alíquota FGTS * 40% valor multa FGTS trabalhado
A110: BASE DE CÁLCULO PARA O MÓDULO 4: MÓDULO 1 + MÓDULO 2.1 + (MÓDULO 2.3 - Aux. Transp. Liq. - Aux. Alimentação Liq.) + MÓDULO 3 | C110: MÓDULO 1 | D110: =D31 -> 0
C111: MÓDULO 2.1 | D111: =D52 -> 0
C112: MÓDULO 2.3* | D112: =D92-D78-D81 -> 0
C113: MÓDULO 3 | D113: =D107 -> 0
C114: TOTAL | D114: =SUM(D110:D113) -> 0
A116: Módulo 4 - Custo de Reposição do Profissional Ausente
...

Sheet Motorista sanitario 12x36 Diurn
A1: PLANILHA DE CUSTOS E FORMAÇÃO DE PREÇOS
A2: MODELO PARA A CONSOLIDAÇÃO E APRESENTAÇÃO DE PROPOSTAS
A4: 1. DISCRIMINAÇÃO DOS SERVIÇOS (DADOS REFERENTES À CONTRATAÇÃO)
A6: A | B6: Nº do Processo | C6: 19.699/2026
A7: B | B7: Modalidade Licitação | C7: Pregão Eletrônico
A8: C | B8: Data de apresentação da proposta (dia/mês/ano): | C8: 46179
A9: D | B9: Município/UF | C9: Lucas do Rio Verde/MT | K9: horas noturnas
A10: E | B10: Número de meses de execução contratual: | C10: 12
A11: F | B11: Tipo de Serviço (mesmo serviço com características distintas) | C11: Serviço de Mão de Obra de Motorista Transporte Sanitário12x36 Diurno | J11: Mínimo | K11: 180h = 15 plantões | L11: =15*7 -> 105
A12: G | B12: Unidade de Medida | C12: Posto/Mês | J12: media | K12: 192h=16 plantões | L12: =16*7 -> 112
A13: H | B13: Classificação Brasileira de Ocupações (CBO) | C13: 7823-20 | J13: máximo | K13: 204h=17 plantões | L13: =17*7 -> 119
A14: I | B14: Salário Normativo da Categoria Profissional 44H | C14: 0
A15: J | B15: Categoria Profissional (vinculada à execução contratual) | C15: Empregados de Empresas de Asseio e Conservação
A16: K | B16: Ano Acordo, Convenção ou Dissídio Coletivo | C16: 2026
A17: L | B17: Nº de registro do Acordo, Convenção ou Dissídio Coletivo | C17: MT000140/2026
A18: M | B18: Data-Base da Categoria (dia/mês/ano) | C18: 46023
A21: Módulo 1 - Composição da Remuneração | F21: Salário normativo
F22: =C14 -> 0
A23: 1 | B23: Composição da Remuneração | D23: Valor (R$) | G23: 180 | H23: normal é 180h mensal
A24: A | B24: Salário-Base | D24: 0 | F24: =C14/220 -> 0 | G24: =F24*G23 -> 0 | H24: base proporcional
A25: B | B25: Adicional de Assiduidade | D25: 0
A26: C | B26: Adicional Insalubridade | C26: 0.4 | D26: 0 | F26: =(D24+D26+#ref!)/180 -> #NAME?
A27: Total | D27: =SUM(D24:D26) -> 0
A28: Salário-Base: Considerando que o cargo não está inserido em uma faixa específica na CCT MT 000140/2026, foi utilizado como salário base o piso salarial da categoria de R$ 2.770,00, praticado no Estado de Mato Grosso, conforme pesquisa de preços realizada no sítio eletrônico especializado “www.salario.com.br” que extrai informações oficiais do CAGED.
A29: Para base de cálculos do item 1 (C ) foi considerado o adicional de insalubridade em seu grau máximo, correspondente a 40% do salário mínimo vigente, no entanto, o adicional será pago conforme grau de insalubridade apresentado em laudo técnico.
A31: Módulo 2 - Encargos e Benefícios Anuais, Mensais e Diários
A33: BASE DE CÁLCULO PARA O MÓDULO 2.1: | C33: MÓDULO 1 | D33: =D27 -> 0
C34: TOTAL | D34: =SUM(D33) -> 0
A36: Submódulo 2.1 - 13º (décimo terceiro) Salário, Férias e Adicional de Férias
A38: 2.1 | B38: 13º (décimo terceiro) Salário, Férias e Adicional de Férias | C38: Percentual (%) | D38: Valor (R$)
A39: A | B39: 13º (décimo terceiro) Salário | C39: 0.08333 | D39: =ROUND($D$34*C39,2) -> 0
A40: B | B40: Férias | C40: 0.08333 | D40: =ROUND($D$34*C40,2) -> 0
A41: C | B41: Adicional de Férias | C41: 0.027778 | D41: =ROUND($D$34*C41,2) -> 0
A42: Total | D42: =SUM(D39:D41) -> 0
A43: Para cálculos do itens 2.1 (A.B): Calculo mensal representando 12 meses, logo, 1/12 (um doze avos), (100%/12)=8,333% (100% remuneração/12 meses) Para cálculo do item 2.1.C: O adicional de férias corresponde a 1/3 da remuneração mensal, logo, 100%/3/12=2,7778%
A45: BASE DE CÁLCULO PARA O MÓDULO 2.2: | C45: MÓDULO 1 | D45: =D27 -> 0
C46: MÓDULO 2.1 | D46: =D42 -> 0
C47: TOTAL | D47: =SUM(D45:D46) -> 0
A49: Submódulo 2.2 - Encargos Previdenciários (GPS), Fundo de Garantia por Tempo de Serviço (FGTS) e outras contribuições.
A51: 2.2 | B51: GPS, FGTS e outras contribuições | C51: Percentual (%) | D51: Valor (R$)
A52: A | B52: INSS | C52: 0.2 | D52: =D47*C52 -> 0
A53: B | B53: Salário Educação | C53: 0.025 | D53: =D47*C53 -> 0
A54: C | B54: RAT X FAP (Riscos ambientais no trabalho x Fator acidentário de prevenção) | C54: 0.06 | D54: =D47*C54 -> 0
A55: D | B55: SESC ou SESI | C55: 0.015 | D55: =D47*C55 -> 0
A56: E | B56: SENAI - SENAC | C56: 0.01 | D56: =D47*C56 -> 0
A57: F | B57: SEBRAE | C57: 0.006 | D57: =D47*C57 -> 0
A58: G | B58: INCRA | C58: 0.002 | D58: =D47*C58 -> 0
A59: H | B59: FGTS | C59: 0.08 | D59: =D47*C59 -> 0
A60: Total | C60: =SUM(C52:C59) -> 0.398 | D60: =SUM(D52:D59) -> 0
A61: Nota Explicativa: Módulo de preenchimento conforme regime de enquadramento da empresa.
A62: Nos módulos preenchidos foram considerados os maiores índices percentuais e considerando que a empresa não esteja enquadrada no Simples Nacional.
A64: Submódulo 2.3 - Benefícios Mensais e Diários.
A65: 2.3 | B65: Benefícios Mensais e Diários | D65: Valor (R$)
A66: A.1 | B66: Auxílio Transporte Bruto | D66: 0
A67: A.2 | B67: (-) Dedução do Vale Transporte (até 6% do salário base, não considerados horas extras e adicionais) | D67: =D66*0.06 -> 0
A68: A.3 | B68: Auxílio Transporte Líquido ( A.1 - A.2 ) | D68: =D66-D67 -> 0
A69: B.1 | B69: Auxílio-Refeição/Alimentação Bruto | D69: 0
A70: B.2 | B70: (-) Dedução do Auxílio-Refeição (até 5% do valor do vale estipulado na CCT não considerados horas extras e adicionais) | D70: =D69*0.05 -> 0
A71: B.3 | B71: Auxílio-Refeição/Alimentação Líquido ( B.1 - B.2 ) | D71: =D69-D70 -> 0
A72: C | B72: Cesta Assiduidade | D72: 0
A73: D | B73: Seguro de Vida | D73: 0
A74: E | B74: Outros
A75: Total | D75: =D68+D71+D72+D73 -> 0
A76: Item 2.3(A.1): Calculo do valor do vale transporte corresponde a 02 vales diários (R$ 4,50) * 15 dias trabalhados. O valor unitário do vale é igual R$ 4,50, conforme disposto no Decreto municipal 5.991/2022. Item 2.3 (B.1): Para calculo foi utilizado como referência 15 dias efetivamente trabalhado, multiplicado pelo valor unitário do vale em R$ 25,66, conforme estipulado na CCT MT000140/2026 - Clausula Décima Quinta. Item 2.3 (C): Valor utilizado conforme a CCT MT000140/2026 - Clausula Nona. Item 2.3 (D): Seguro obrigatório, conforme CCT MT000140/2026 - Clausula Décima Oitava. Para estimativa do valor foi utilizado o valor praticado de R$ 2,98 no Contrato nº 081/2025 pela Prefeitura de Lucas do Rio Verde/MT.
A78: Quadro-Resumo do Módulo 2 - Encargos e Benefícios anuais, mensais e diários
A79: 2 | B79: Encargos e Benefícios Anuais, Mensais e Diários | D79: Valor (R$)
A80: 2.1 | B80: 13º (décimo terceiro) Salário, Férias e Adicional de Férias (Submódulo 2.1) | D80: =D42 -> 0
A81: 2.2 | B81: GPS, FGTS e outras contribuições (Submódulo 2.2) | D81: =D60 -> 0
A82: 2.3 | B82: Benefícios Mensais e Diários (Submódulo 2.3) | D82: =D75 -> 0
A83: Total | D83: =SUM(D80:D82) -> 0
A85: BASE DE CÁLCULO PARA O MÓDULO 3: (Composição da remuneração + encargos) | C85: MÓDULO 1 | D85: =D27 -> 0
C86: MÓDULO 2.1 | D86: =D42 -> 0
C87: TOTAL | D87: =SUM(D85:D86) -> 0
A89: Módulo 3 - Provisão para Rescisão
A90: 3 | B90: Provisão para Rescisão | C90: Percentual (%) | D90: Valor (R$)
A91: A | B91: Aviso Prévio Indenizado | C91: =1/12*5.55% -> 0.004625 | D91: =ROUND($D$87*C91,2) -> 0
A92: B | B92: Incidência do FGTS sobre o Aviso Prévio Indenizado | C92: 0.00037 | D92: =ROUND($D$87*C92,2) -> 0
A93: C | B93: Multa do FGTS e contribuição social sobre o Aviso Prévio Indenizado | C93: =(8%*40%*5.55%) -> 0.001776 | D93: =ROUND($D$87*C93,2) -> 0
A94: D | B94: Aviso Prévio Trabalhado | C94: =(1/30*7)/12 -> 0.019444444 | D94: =ROUND($D$87*C94,2) -> 0
A95: E | B95: Incidência de GPS, FGTS e outras contribuições sobre o Aviso Prévio Trabalhado | C95: 0.0072 | D95: =ROUND($D$87*C95,2) -> 0
A96: F | B96: Multa do FGTS e contribuição social sobre o Aviso Prévio Trabalhado | C96: =((0.08*0.4)) -> 0.032 | D96: =ROUND($D$87*C96,2) -> 0
A97: Total | D97: =SUM(D91:D96) -> 0
A98: Item 3.A: 5,55% - Percentual de empregados demitidos que não trabalham durante o aviso prévio, acordão TCU nº 1.904/2007, 1/12= 1 mês não trabalhado/12 Item 3.B: 8% FGTS * 046% Aviso prévio indenizado = 0,037% Item 3.C: 8% FGTS * 40% Valor multa FGTS * 5,55% Percentual de empregados demitidos) = 0,18% Item 3.D: [( 1 (remuneração integral)/30 (dias)*7 (nº dias de aviso prévio que se ausenta)/12 (meses)] = 1,94% Item 3.E: (% total do submódulo 2.2) * ( % Item 3-D Aviso Prévio Trabalhado) Item 3.F: 8% alíquota FGTS * 40% valor multa FGTS trabalhado
A100: BASE DE CÁLCULO PARA O MÓDULO 4: MÓDULO 1 + MÓDULO 2.1 + (MÓDULO 2.3 - Aux. Transp. Liq. - Aux. Alimentação Liq.) + MÓDULO 3 | C100: MÓDULO 1 | D100: =D27 -> 0
C101: MÓDULO 2.1 | D101: =D42 -> 0
C102: MÓDULO 2.3* | D102: =D82-D68-D71 -> 0
C103: MÓDULO 3 | D103: =D97 -> 0
C104: TOTAL | D104: =SUM(D100:D103) -> 0
A106: Módulo 4 - Custo de Reposição do Profissional Ausente
A107: Submódulo 4.1 - Substituto nas Ausências Legais
A108: 4.1 | B108: Ausências Legais | C108: Percentual (%) | D108: Valor (R$)
A109: A | B109: Substituto na cobertura de Férias | C109: 0 | D109: =ROUND($D$104*C109,2) -> 0
A110: B | B110: Substituto na cobertura de Ausências Legais | C110: 0.01633 | D110: =ROUND($D$104*C110,2) -> 0
A111: C | B111: Substituto na cobertura de Licença-Paternidade | C111: 0.00020833333 | D111: =ROUND($D$104*C111,2) -> 0
A112: D | B112: Substituto na cobertura de Ausência por acidente de trabalho | C112: 0.0033333333 | D112: =ROUND($D$104*C112,2) -> 0
A113: E | B113: Substituto na cobertura de Afastamento Maternidade | C113: 0.00056 | D113: =ROUND($D$104*C113,2) -> 0
A114: F | B114: Substituto na cobertura de Outras ausências (especificar)
A115: Total | C115: =SUM(C109:C114) -> 0.020431667 | D115: =SUM(D109:D114) -> 0
A116: Item 4.1.B: (5,96 média de dias ausentes IBGE/365 dias ano) = 1,63% Item 4.1.C: [(5 dias licença paternidade/30 dias)/12 meses]*0,015 média de trabalhadores que são pais durante o ano IBGE = 0,02% Item 4.1.D: [(15 numero de dias que o empregado repousa)/30 dias mes)/12 meses]*8% média trabalhadores que sofrem acidente/ano IBGE= 0,33% Item 4.1.E: [ 0,02 indice de ocorrencia IBGE (4 meses de licença maternidade) /12 meses]= 0,056%
A118: Submódulo 4.2 - Incidências sobre o Substituto nas Ausências Legais
...

Sheet Custos EPI
A1: RELAÇÃO DE EPI OBRIGATÓRIOS
A3: APOIO TÉCNICO ADMINISTRATIVO I
A5: DESCRIÇÃO ITEM | B5: QTD ANO | C5: VLR UNIT | D5: VLR TOTAL
A6: CAMISA GOLA POLO, CONFECCIONADA EM MALHA PIQUET COM COMPOSIÇÃO MÍNIMA DE 67% POLI ESTER E 33% VISCOSE, GRAMATURA MÍNIMA DE 190 G/M2 | B6: 4 | C6: 40 | D6: =C6*B6 -> 160
A7: CALÇA JEANS TRADICIONAL EM TECIDO LEVE 11 OZ COM COMPOSIÇÃO MÍNIMA DE (70% ALGODÃO, 28% POLIÉSTER E 2% ELASTANO | B7: 4 | C7: 64.94 | D7: =C7*B7 -> 259.76
A8: CUSTO TOTAL EPI | C8: =SUM(D6:D7) -> 419.76
A11: APOIO TÉCNICO ADMINISTRATIVO II
A13: DESCRIÇÃO ITEM | B13: QTD ANO | C13: VLR UNIT | D13: VLR TOTAL
A14: CAMISA GOLA POLO, CONFECCIONADA EM MALHA PIQUET COM COMPOSIÇÃO MÍNIMA DE 67% POLI ESTER E 33% VISCOSE, GRAMATURA MÍNIMA DE 190 G/M2 | B14: 4 | C14: 40 | D14: =C14*B14 -> 160
A15: CALÇA JEANS TRADICIONAL EM TECIDO LEVE 11 OZ COM COMPOSIÇÃO MÍNIMA DE (70% ALGODÃO, 28% POLIÉSTER E 2% ELASTANO | B15: 4 | C15: 64.94 | D15: =C15*B15 -> 259.76
A16: CUSTO TOTAL EPI | C16: =SUM(D14:D15) -> 419.76
A19: TÉCNICO ADMINISTRATIVO DE SUPORTE
A21: DESCRIÇÃO ITEM | B21: QTD ANO | C21: VLR UNIT | D21: VLR TOTAL
A22: CAMISA GOLA POLO, CONFECCIONADA EM MALHA PIQUET COM COMPOSIÇÃO MÍNIMA DE 67% POLI ESTER E 33% VISCOSE, GRAMATURA MÍNIMA DE 190 G/M2 | B22: 4 | C22: 40 | D22: =C22*B22 -> 160
A23: CALÇA JEANS TRADICIONAL EM TECIDO LEVE 11 OZ COM COMPOSIÇÃO MÍNIMA DE (70% ALGODÃO, 28% POLIÉSTER E 2% ELASTANO | B23: 4 | C23: 64.94 | D23: =C23*B23 -> 259.76
A24: CUSTO TOTAL EPI | C24: =SUM(D22:D23) -> 419.76
A27: CUIDADOR SOCIAL
A29: DESCRIÇÃO ITEM | B29: QTD ANO | C29: VLR UNIT | D29: VLR TOTAL
A30: CAMISA GOLA POLO, CONFECCIONADA EM MALHA PIQUET COM COMPOSIÇÃO MÍNIMA DE 67% POLI ESTER E 33% VISCOSE, GRAMATURA MÍNIMA DE 190 G/M2 | B30: 4 | C30: 40 | D30: =C30*B30 -> 160
A31: CALÇA JEANS TRADICIONAL EM TECIDO LEVE 11 OZ COM COMPOSIÇÃO MÍNIMA DE (70% ALGODÃO, 28% POLIÉSTER E 2% ELASTANO | B31: 4 | C31: 64.94 | D31: =C31*B31 -> 259.76
A32: CALÇADO SOFT WORKS | B32: 2 | C32: 98.29 | D32: =C32*B32 -> 196.58
A33: CUSTO TOTAL EPI | C33: =SUM(D30:D32) -> 616.34
A36: EDUCADOR SOCIAL
A38: DESCRIÇÃO ITEM | B38: QTD ANO | C38: VLR UNIT | D38: VLR TOTAL
A39: CAMISA GOLA POLO, CONFECCIONADA EM MALHA PIQUET COM COMPOSIÇÃO MÍNIMA DE 67% POLI ESTER E 33% VISCOSE, GRAMATURA MÍNIMA DE 190 G/M2 | B39: 4 | C39: 40 | D39: =C39*B39 -> 160
A40: CALÇA JEANS TRADICIONAL EM TECIDO LEVE 11 OZ COM COMPOSIÇÃO MÍNIMA DE (70% ALGODÃO, 28% POLIÉSTER E 2% ELASTANO | B40: 4 | C40: 64.94 | D40: =C40*B40 -> 259.76
A41: CUSTO TOTAL EPI | C41: =SUM(D39:D40) -> 419.76
A44: TÉCNICO LABORATÓRIO
A46: DESCRIÇÃO ITEM | B46: QTD ANO | C46: VLR UNIT | D46: VLR TOTAL
A47: CAMISETA MEIA MANGA, TIPO T-SHIRT, GOLA CARECA | B47: 2 | C47: 48.57 | D47: =C47*B47 -> 97.14
A48: JALECO MANGA LONGA, COM PUNHO ELÁSTICO E ABOTOADO | B48: 2 | C48: 118.17 | D48: =C48*B48 -> 236.34
A49: CALÇA JEANS BRIM COR BRANCA | B49: 4 | C49: 68.27 | D49: =C49*B49 -> 273.08
A50: CALÇADO SOFT WORKS | B50: 2 | C50: 98.29 | D50: =C50*B50 -> 196.58
A51: CUSTO TOTAL EPI | C51: =SUM(D47:D50) -> 803.14
A54: TÉCNICO EM RADIOLOGIA
A56: DESCRIÇÃO ITEM | B56: QTD ANO | C56: VLR UNIT | D56: VLR TOTAL
A57: CAMISETA MANGA CURTA, GOLA CARECA, MALHA 100% ALGODÃO | B57: 4 | C57: 48.57 | D57: =C57*B57 -> 194.28
A58: CALÇA JEANS BRIM COR BRANCA | B58: 4 | C58: 68.27 | D58: =C58*B58 -> 273.08
A59: JALECO MANGA LONGA GOLA TRADICIONAL, FECHAMENTO COM BOTÕES E CINTO TRASEIRO | B59: 1 | C59: 118.17 | D59: =C59*B59 -> 118.17
A60: CALÇADO SOFT WORKS | B60: 2 | C60: 98.29 | D60: =C60*B60 -> 196.58
A61: PROTETOR DE TIREOIDE CONFECCIONADO EM BORRACHA PLUMBIFERA COM ACABAMENTO EM NYLON LAVÁVEL | B61: 1 | C61: 472.33 | D61: =C61*B61 -> 472.33
A62: OCULOS DE PROTEÇÃO PLUMBIFERA COM HASTE REGULAVEIS E LENTES DE VIDRO PLUMBIFERO | B62: 1 | C62: 1051.42 | D62: =C62*B62 -> 1051.42
A63: AVENTAL PLUMBÍFERO COM PROTEÇÃO NA FRENTE E NOS OMBROS, FECHAMENTO AJUSTAVEL E ACABAMENTO EM NYLON IMPERMEÁVEL | B63: 1 | C63: 1039.33 | D63: =C63*B63 -> 1039.33
A64: LUVA DE PROTEÇÃO PLUMBÍFERA COM ACABAMENTO EM NYLON LAVÁVEL | B64: 1 | C64: 989.26 | D64: =C64*B64 -> 989.26
A65: CUSTO TOTAL EPI | C65: =SUM(D57:D64) -> 4334.45
A68: MOTORISTA TRANSPORTE SANITÁRIO
A70: DESCRIÇÃO ITEM | B70: QTD ANO | C70: VLR UNIT | D70: VLR TOTAL
A71: CAMISA GOLA POLO, CONFECCIONADA EM MALHA PIQUET COM COMPOSIÇÃO MÍNIMA DE 67% POLI ESTER E 33% VISCOSE, GRAMATURA MÍNIMA DE 190 G/M2 | B71: 4 | C71: 33 | D71: =C71*B71 -> 132
A72: CALÇA JEANS TRADICIONAL EM TECIDO LEVE 11 OZ COM COMPOSIÇÃO MÍNIMA DE (70% ALGODÃO, 28% POLIÉSTER E 2% ELASTANO | B72: 4 | C72: 55 | D72: =C72*B72 -> 220
A73: BOTINA DE SEGURANÇA | B73: 2 | C73: 82.13 | D73: =C73*B73 -> 164.26
A74: CUSTO TOTAL EPI | C74: =SUM(D71:D73) -> 516.26
A77: TÉCNICO EDUCADOR FÍSICO
A79: DESCRIÇÃO ITEM | B79: QTD ANO | C79: VLR UNIT | D79: VLR TOTAL
A80: CAMISETA MEIA MANGA, TIPO T-SHIRT, GOLA CARECA, TECIDO DRY FIT | B80: 4 | C80: 37.6 | D80: =C80*B80 -> 150.4
A81: CALÇA ESPORTIVA EM POLIÉSTER/ELASTANO | B81: 4 | C81: 49.26 | D81: =C81*B81 -> 197.04
A82: CUSTO TOTAL EPI | C82: =SUM(D80:D81) -> 347.44
A85: TÉCNICO BIOMEDICO
A87: DESCRIÇÃO ITEM | B87: QTD ANO | C87: VLR UNIT | D87: VLR TOTAL
A88: CAMISETA MANGA CURTA, GOLA CARECA, MALHA 100% ALGODÃO | B88: 4 | C88: 48.57 | D88: =C88*B88 -> 194.28
A89: CALÇA JEANS BRIM COR BRANCA | B89: 4 | C89: 68.27 | D89: =C89*B89 -> 273.08
A90: JALECO MANGA LONGA, GOLA TRADICIONAL, TECIDO EM ALGODÃO, FECHAMENTO COM BOTÕES E CINTO TRASEIRO | B90: 2 | C90: 118.17 | D90: =C90*B90 -> 236.34
A91: CALÇADO SOFT WORKS ANTIDERRAPANTE | B91: 2 | C91: 98.29 | D91: =C91*B91 -> 196.58
A92: CUSTO TOTAL EPI | C92: =SUM(D88:D91) -> 900.28
A95: TÉCNICO DE ENFERMAGEM – APH
A97: DESCRIÇÃO ITEM | B97: QTD ANO | C97: VLR UNIT | D97: VLR TOTAL
A98: CONJUNTO DE COMBATE CONTENDO GANDOLA DE COMBATE COM FAIXAS REFLETIVAS E DISTINTIVOS E CALÇA DE COMBATE NA COR LARANJA, COM FAIXAS REFLETIVAS HORIZONTAL | B98: 2 | C98: 613.63 | D98: =C98*B98 -> 1227.26
A99: CAMISETA MEIGA MANGA, TIPO T-SHIRT, COR VERMELHA, GOLA CARECA, COM BRASÃO E IDENTICAÇÃO DO PROFISSIONAL | B99: 4 | C99: 40.39 | D99: =C99*B99 -> 161.56
A100: CINTO DE NYLON COR VERMELHA COM FIVELA CROMADA CONFORME ANEXO I | B100: 2 | C100: 51.82 | D100: =C100*B100 -> 103.64
A101: COTURNO PRETO, MEIAS PRETAS E CALÇA COM FECHAMENTO INFERIOE EM VELCRO AJUSTAVEL | B101: 2 | C101: 223.2 | D101: =C101*B101 -> 446.4
A102: CUSTO TOTAL EPI | C102: =SUM(D98:D101) -> 1938.86
A104: ENFERMEIRO – APH
A106: DESCRIÇÃO ITEM | B106: QTD ANO | C106: VLR UNIT | D106: VLR TOTAL
A107: CONJUNTO DE COMBATE CONTENDO GANDOLA DE COMBATE COM FAIXAS REFLETIVAS E DISTINTIVOS E CALÇA DE COMBATE NA COR LARANJA, COM FAIXAS REFLETIVAS HORIZONTAL | B107: 2 | C107: 613.63 | D107: =C107*B107 -> 1227.26
A108: CAMISETA MEIGA MANGA, TIPO T-SHIRT, COR VERMELHA, GOLA CARECA, COM BRASÃO E IDENTICAÇÃO DO PROFISSIONAL | B108: 4 | C108: 40.39 | D108: =C108*B108 -> 161.56
A109: CINTO DE NYLON COR VERMELHA COM FIVELA CROMADA CONFORME ANEXO I | B109: 2 | C109: 51.82 | D109: =C109*B109 -> 103.64
A110: COTURNO PRETO, MEIAS PRETAS E CALÇA COM FECHAMENTO INFERIOE EM VELCRO AJUSTAVEL | B110: 2 | C110: 223.2 | D110: =C110*B110 -> 446.4
A111: CUSTO TOTAL EPI | C111: =SUM(D107:D110) -> 1938.86
